Workbook

Sheet Home

Sheet Dados Cadastrais
A1: FICHA CADASTRAL DA EMPRESA
A2: Pregão Nº | D2: Processo nº | J2: Sim
A3: DADOS CADASTRAIS | J3: Não
A4: CNPJ
A5: Razão Social
A6: Endereço
A7: Bairro | D7: Cidade | G7: UF
A8: CEP | C8: Telefone
A9: e-mail
A10: REPRESENTANTE(S) DA EMPRESA
A11: CPF | B11: Nome | C11: e-mail | E11: Telefone | F11: Sócio Administrador? | G11: Signatário do Contrato?
F12: (sim/não) | G12: (sim/não)
A21: Local | B21: Data | C21: Assinatura

Sheet Indicadores Financeiros
A1: DADOS DA EMPRESA | M1: Não | N1: Incidência cumulativa de PIS e de COFINS
A2: CNPJ | F2: =IF('Dados Cadastrais'!B4=0,"",'Dados Cadastrais'!B4) | M2: Sim | N2: Incidência não-cumulativa de PIS e de COFINS
A3: Razão Social | F3: =IF('Dados Cadastrais'!B5=0,"",'Dados Cadastrais'!B5) | N3: Simples Nacional
A4: Sindicato da categoria
A5: Data base da categoria
A6: Fornecimento de cesta básica aos funcionários? (sim/não) | F6: Sim
A7: Regime Tributário | F7: Incidência cumulativa de PIS e de COFINS
A8: SAT (RATxFAP) (%)
A9: Despesas Administrativas(%)
A10: Lucro Bruto (%)
A11: COFINS
A12: PIS
A13: Desoneração da Folha (%)
A14: Vigência Contratual | F14: 30 | G14: meses
A16: Módulo I - Encargos previdenciários e FGTS | J16: Percentual
A17: 1 | B17: Previdência Social | J17: 0.2
A18: 2 | B18: SESI/SESC | J18: =IF($F$7="Simples Nacional",0,IF($F$7<>"",1.5%,"Informar regime tributário")) -> 0.015
A19: 3 | B19: SENAI/SENAC | J19: =IF($F$7="Simples Nacional",0,IF($F$7<>"",1%,"Informar regime tributário")) -> 0.01
A20: 4 | B20: INCRA | J20: =IF($F$7="Simples Nacional",0,IF($F$7<>"",0.2%,"Informar regime tributário")) -> 0.002
A21: 5 | B21: Salário Educação | J21: =IF($F$7="Simples Nacional",0,IF($F$7<>"",2.5%,"Informar regime tributário")) -> 0.025
A22: 6 | B22: FGTS | J22: 0.08
A23: 7 | B23: SAT (RAT X FAP) | J23: =IF(F8=0,"Informar SAT",$F$8) -> Informar SAT
A24: 8 | B24: SEBRAE | J24: =IF($F$7="Simples Nacional",0,IF($F$7<>"",0.6%,"Informar regime tributário")) -> 0.006
A25: Total Módulo I | J25: =SUM(J17:J24) -> 0.338
A27: Módulo II - 13º Salário e Adicional de Férias
A28: 1 | B28: 13º salário | J28: =ROUND(5/56,4) -> 0.0893
A29: 2 | B29: Abono de férias | J29: =ROUND(J28/3,4) -> 0.0298
A30: 3 | B30: Encargos sociais incidentes | J30: =ROUND((J28+J29)*J25,4) -> 0.0403
A31: Total Módulo II | J31: =SUM(J28:J30) -> 0.1594
A33: Módulo III - Afastamento Maternidade
A34: 1 | B34: Afastamento Maternidade | J34: =120*0.6814*0.1881*0.8238*4.035%/222.4682 -> 0.0022981034
A35: 2 | B35: Encargos sociais incidentes | J35: =ROUND(J34*J22,4) -> 0.0002
A36: Total Módulo III | J36: =J35 -> 0.0002
A38: Módulo IV - Provisão para Rescisão
A39: 1 | B39: Aviso prévio indenizado | J39: =ROUND(98%*43.7717%*33/222.4682,4) -> 0.0636
A40: 2 | B40: Incidência FGTS sobre o aviso prévio indenizado | J40: =ROUND(J39*$J$22,4) -> 0.0051
A41: 3 | B41: Multa FGTS sobre o aviso prévio indenizado | J41: =ROUND(J40*40%,4) -> 0.002
A42: 4 | B42: Aviso prévio trabalhado | J42: =ROUND(2%*43.7717%*0.6814*7/222.4682,4) -> 0.0002
A43: 5 | B43: Encargos sociais incidentes sobre aviso prévio trabalhado | J43: =ROUND(J42*$J$25,4) -> 0.0001
A44: 6 | B44: Multa FGTS sobre o aviso prévio trabalhado | J44: =ROUND(J42*8%*40%,4) -> 0
A45: 7 | B45: Indenização Adicional | J45: =ROUND((1%*(1/12)),4) -> 0.0008
A46: 8 | B46: Multa FGTS sobre depósitos de FGTS | J46: =ROUND(8%*40%*43.7717%*(1+(J28+J29+J56+J34+J57+J58+J59+J60)),5) -> 0.01732
A47: Total Módulo IV | J47: =SUM(J39:J46) -> 0.08912
A49: Módulo V - Multa de FGTS
A50: 1 | B50: Remuneração | J50: =ROUND(1*8%*40%*90%,4) -> 0.0288
A51: 2 | B51: Férias + Adicional de Férias | J51: =ROUND(($J$28+$J$29)*8%*40%*90%,4) -> 0.0034
A52: 3 | B52: 13º Salário | J52: =ROUND(J28*8%*40%*90%,4) -> 0.0026
A53: Total Módulo V | J53: =SUM(J50:J52) -> 0.0348
A55: Módulo VI - Custo de Reposição do Profissional Ausente
A56: 1 | B56: Férias | J56: =J28 -> 0.0893
A57: 2 | B57: Auxílio doença | J57: =ROUND((5*0.6814)/222.4682,4) -> 0.0153
A58: 3 | B58: Licença paternidade | J58: =ROUND(5*0.6814*81.19%*99.94%*4.035%/222.4682,4) -> 0.0005
A59: 4 | B59: Faltas legais | J59: =ROUND(2.96*0.6814/222.4682,4) -> 0.0091
A60: 5 | B60: Acidente de trabalho | J60: =ROUND((15/30)/12*1.69%,4) -> 0.0007
A61: 6 | B61: Encargos sociais incidentes | J61: =ROUND(SUM(J56:J60)*$J$25,4) -> 0.0388
A62: Total Módulo VI | J62: =SUM(J56:J61) -> 0.1537
A64: Total dos Encargos Sociais e Trabalhistas | J64: =J62+J53+J47+J36+J31+J25 -> 0.77522
A66: PERCENTUAIS DE CONTIGENCIAMENTO MENSAL DE ENCARGOS TRABALHISTAS
A67: 1 | B67: 13º Salário | J67: =J28 -> 0.0893
A68: 2 | B68: Férias | J68: =J56 -> 0.0893
A69: 3 | B69: Abono de Férias | J69: =J29 -> 0.0298
A70: 4 | B70: Incidência de encargos trabalhistas: percentual total do Módulo I s/ os itens 1, 2 e 3 | I70: =$J$25 -> 0.338 | J70: =ROUND(I70*SUM(J67:J69),4) -> 0.0704
A71: 5 | B71: Multa FGTS | J71: =J53 -> 0.0348
A72: Percentual a ser contingenciado - Resolução CNJ nº 651/2025 | J72: =SUM(J67:J71) -> 0.3136
A74: PARÂMETROS DE CÁLCULO
A75: 1 | B75: Dias úteis estimados - posto 44 horas de segunda-feira a sexta-feira | H75: 20.75
A76: 2 | B76: Salário Mínimo Federal | H76: 1621
A77: 3 | B77: Adicional Noturno (para cálculo da hora extra noturna) | K77: =IF(H77<20%,"Abaixo do % mínimo - Rever!","") -> Abaixo do % mínimo - Rever!
A78: 4 | B78: % do adicional da hora extra comum | K78: =IF(H78<50%,"Abaixo do % mínimo - Rever!","") -> Abaixo do % mínimo - Rever!
A79: 5 | B79: % do adicional da hora extra aos sábados | K79: =IF(H79<50%,"Abaixo do % mínimo - Rever!","") -> Abaixo do % mínimo - Rever!
A80: 6 | B80: % do adicional da hora extra aos domingos e feriados | K80: =IF(H80<100%,"Abaixo do % mínimo - Rever!","") -> Abaixo do % mínimo - Rever!
A82: VALORES REFERENCIAIS - SALÁRIO BASE e ADICIONAIS - CONVENÇÃO COLETIVA DA CATEGORIA
A83: Grupo | B83: Descrição | H83: SALÁRIO BASE MENSAL - R$ | I83: ADICIONAIS - R$ | J83: TOTAL REMUNERAÇÃO R$
A84: 1 | B84: Supervisor geral especializado em refrigeração, controle e administração | J84: =SUM(H84:I84) -> 0
A85: 2 | B85: Técnico mecânico especializado em Refrigeração | J85: =SUM(H85:I85) -> 0
A86: 3 | B86: Técnico Elétrico/ Eletrônico/ Eletrotécnico, especializado em refrigeração | J86: =SUM(H86:I86) -> 0
A87: 4 | B87: Operador | J87: =SUM(H87:I87) -> 0
A88: 5 | B88: Auxiliar Técnico especializado em Refrigeração | J88: =SUM(H88:I88) -> 0
A90: BENEFÍCIOS - Convenção Coletiva de Trabalho
F91: Base | H91: Valor - R$ | I91: Parte do Empregado - R$ | J91: Valor Mensal Final - R$
A92: 1 | B92: Assistência médica | F92: Valor Mensal | J92: =ROUND(H92-I92,2) -> 0
A93: 2 | B93: Assistência Odontológica | F93: Valor Mensal | J93: =ROUND(H93-I93,2) -> 0
A94: 3 | B94: Auxílio Creche | F94: Valor Mensal | J94: =ROUND(H94-I94,2) -> 0
A95: 4 | B95: Benefício Mais Familiar | F95: Valor Mensal | J95: =ROUND(H95-I95,2) -> 0
A96: 5 | B96: Auxílio alimentação/ Cesta básica | F96: Valor Mensal | J96: =ROUND(H96-I96,2) -> 0
A97: 6 | B97: Dia do Trabalhador | F97: Valor Mensal | J97: =ROUND(H97-I97,2) -> 0
A98: 7 | B98: Norma Regulamentadora Nº 07 | F98: Valor Mensal | J98: =ROUND(H98-I98,2) -> 0
A99: 8 | B99: Seguro de vida | F99: Valor Mensal | J99: =ROUND(H99-I99,2) -> 0
A100: 9 | B100: Auxílio filho com necessidades especiais | F100: Valor Mensal | J100: =ROUND(H100-I100,2) -> 0
A101: 10 | B101: Vale refeição /Alimentação | F101: Valor diário | J101: =ROUND(H101-I101,2) -> 0
A102: 11 | B102: Outros (especificar e inserir valor mensal) | F102: Valor Mensal | J102: =ROUND(H102-I102,2) -> 0
A104: VALORES REFERENCIAIS - UNIFORMES, EPIs e FERRAMENTAS
A105: Grupo | B105: Descrição | H105: Uniformes, EPI´s e FERRAMENTAS - Valor Mensal - R$
A106: 1 | B106: Supervisor geral especializado em refrigeração, controle e administração
A107: 2 | B107: Técnico mecânico especializado em Refrigeração
A108: 3 | B108: Técnico Elétrico/ Eletrônico/ Eletrotécnico especializado em Refrigeração
A109: 4 | B109: Operador
A110: 5 | B110: Auxiliar Técnico especializado em Refrigeração
A112: MUNICÍPIOS DE PRESTAÇÃO DE SERVIÇOS
A113: Lote | B113: Município | G113: ISSQN | H113: BDI * | I113: Vale Transporte - (Ida e Volta) - R$ | J113: Mês de Início da Prestação de Serviços
...

Sheet Relatório Custo
A1: Lote | B1: Localidade | C1: Código | D1: Função | E1: Unidade | F1: Mês de Início da Prestação | G1: Periodicidade | H1: Quantidade de Funcionários por Posto | I1: Dias Estimados por Mês | J1: Quantidade de Postos/Horas | K1: Remuneração (Salários + Adicionais) | L1: Encargos Sociais e Trabalhistas | M1: Benefícios | N1: Vale Transporte | O1: Uniformes e EPI´s | P1: Valor Total Mensal Unitário | Q1: BDI | R1: Valor Total Mensal Unitário com BDI | S1: Valor Total Mensal | T1: Valor Total período contratual | V1: Valor Total Mensal Remuneração | W1: Valor Mensal a Contigenciar | Y1: Desconto - Falta sem reposição (por funcionário) | Z1: Desconto - Dia útil não trabalhado (por funcionário)
A3: 5 | B3: =VLOOKUP($A3,'Indicadores Financeiros'!$A$114:$J$217,2,FALSE) -> São Paulo - Fórum Criminal - Complexo Judiciário Ministro Mário Guimarães | C3: 551188 | D3: =VLOOKUP($C3,'Tabela de Códigos e Valores'!$A:$J,2,FALSE) -> Supervisor geral especializado em refrigeração, controle e administração | E3: =VLOOKUP($C3,'Tabela de Códigos e Valores'!$A:$J,5,FALSE) -> Posto | F3: =VLOOKUP($A3,'Indicadores Financeiros'!$A$114:$J$1120,10,FALSE) -> 1 | G3: =VLOOKUP($C3,'Tabela de Códigos e Valores'!$A:$J,6,FALSE) -> Mensal | H3: =VLOOKUP($C3,'Tabela de Códigos e Valores'!$A:$AE,7,FALSE) -> 1 | I3: =VLOOKUP($C3,'Tabela de Códigos e Valores'!$A:$AE,8,FALSE) -> 20.75 | J3: 1 | K3: =VLOOKUP($C3,'Tabela de Códigos e Valores'!$A:$AE,12,FALSE) -> 0 | L3: =VLOOKUP($C3,'Tabela de Códigos e Valores'!$A:$AE,13,FALSE) -> 0 | M3: =VLOOKUP($C3,'Tabela de Códigos e Valores'!$A:$AE,25,FALSE) -> 0 | N3: =IF(E3<>"posto",VLOOKUP($C3,'Tabela de Códigos e Valores'!$A:$AA,26,FALSE),IF(ROUND((VLOOKUP($B3,'Indicadores Financeiros'!$B$114:$J$119,8,FALSE)*I3)-(VLOOKUP($C3,'Tabela de Códigos e Valores'!A:I,9,FALSE)*6%),2)<0,0,ROUND((VLOOKUP($B3,'Indicadores Financeiros'!$B$114:$J$119,8,FALSE)*I3)-(VLOOKUP($C3,'Tabela de Códigos e Valores'!A:I,9,FALSE)*6%),2))) -> 0 | O3: =VLOOKUP($C3,'Tabela de Códigos e Valores'!$A:$AE,27,FALSE) -> 0 | P3: =ROUND(SUM(K3:O3),2) -> 0 | Q3: =VLOOKUP($A3,'Indicadores Financeiros'!$A$114:$J$119,8,FALSE) -> 0.0526 | R3: =ROUND(P3*(1+Q3),2) -> 0 | S3: =ROUND(R3*J3,2) -> 0 | T3: =ROUND(S3*ROUND(('Indicadores Financeiros'!$F$14-F3+1),2),2) -> 0 | V3: =IF(E3="Posto",ROUND(J3*K3,2),0) -> 0 | W3: =ROUND('Indicadores Financeiros'!$J$72*$V3,2) -> 0 | Y3: =IF(J3=0,0,IF(E3="Posto",ROUND($R3/$I3,2),0)) -> 0 | Z3: =IF(J3=0,0,IF(E3="Posto",ROUND(ROUND(ROUND((VLOOKUP($C3,'Tabela de Códigos e Valores'!$A:$AE,23,FALSE)/'Relatório Custo'!I3),2)+ROUND(VLOOKUP($C3,'Tabela de Códigos e Valores'!$A:$AE,26,FALSE)/'Relatório Custo'!I3,2)+ROUND((('Indicadores Financeiros'!$J$62*'Relatório Custo'!K3)/'Relatório Custo'!I3),2),2)*(1+Q3),2),0)) -> 0
A4: 5 | B4: =VLOOKUP($A4,'Indicadores Financeiros'!$A$114:$J$217,2,FALSE) -> São Paulo - Fórum Criminal - Complexo Judiciário Ministro Mário Guimarães | C4: 551189 | D4: =VLOOKUP($C4,'Tabela de Códigos e Valores'!$A:$J,2,FALSE) -> Técnico mecânico especializado em Refrigeração | E4: =VLOOKUP($C4,'Tabela de Códigos e Valores'!$A:$J,5,FALSE) -> Posto | F4: =VLOOKUP($A4,'Indicadores Financeiros'!$A$114:$J$1120,10,FALSE) -> 1 | G4: =VLOOKUP($C4,'Tabela de Códigos e Valores'!$A:$J,6,FALSE) -> Mensal | H4: =VLOOKUP($C4,'Tabela de Códigos e Valores'!$A:$AE,7,FALSE) -> 1 | I4: =VLOOKUP($C4,'Tabela de Códigos e Valores'!$A:$AE,8,FALSE) -> 20.75 | J4: 2 | K4: =VLOOKUP($C4,'Tabela de Códigos e Valores'!$A:$AE,12,FALSE) -> 0 | L4: =VLOOKUP($C4,'Tabela de Códigos e Valores'!$A:$AE,13,FALSE) -> 0 | M4: =VLOOKUP($C4,'Tabela de Códigos e Valores'!$A:$AE,25,FALSE) -> 0 | N4: =IF(E4<>"posto",VLOOKUP($C4,'Tabela de Códigos e Valores'!$A:$AA,26,FALSE),IF(ROUND((VLOOKUP($B4,'Indicadores Financeiros'!$B$114:$J$119,8,FALSE)*I4)-(VLOOKUP($C4,'Tabela de Códigos e Valores'!A:I,9,FALSE)*6%),2)<0,0,ROUND((VLOOKUP($B4,'Indicadores Financeiros'!$B$114:$J$119,8,FALSE)*I4)-(VLOOKUP($C4,'Tabela de Códigos e Valores'!A:I,9,FALSE)*6%),2))) -> 0 | O4: =VLOOKUP($C4,'Tabela de Códigos e Valores'!$A:$AE,27,FALSE) -> 0 | P4: =ROUND(SUM(K4:O4),2) -> 0 | Q4: =VLOOKUP($A4,'Indicadores Financeiros'!$A$114:$J$119,8,FALSE) -> 0.0526 | R4: =ROUND(P4*(1+Q4),2) -> 0 | S4: =ROUND(R4*J4,2) -> 0 | T4: =ROUND(S4*ROUND(('Indicadores Financeiros'!$F$14-F4+1),2),2) -> 0 | V4: =IF(E4="Posto",ROUND(J4*K4,2),0) -> 0 | W4: =ROUND('Indicadores Financeiros'!$J$72*$V4,2) -> 0 | Y4: =IF(J4=0,0,IF(E4="Posto",ROUND($R4/$I4,2),0)) -> 0 | Z4: =IF(J4=0,0,IF(E4="Posto",ROUND(ROUND(ROUND((VLOOKUP($C4,'Tabela de Códigos e Valores'!$A:$AE,23,FALSE)/'Relatório Custo'!I4),2)+ROUND(VLOOKUP($C4,'Tabela de Códigos e Valores'!$A:$AE,26,FALSE)/'Relatório Custo'!I4,2)+ROUND((('Indicadores Financeiros'!$J$62*'Relatório Custo'!K4)/'Relatório Custo'!I4),2),2)*(1+Q4),2),0)) -> 0
A5: 5 | B5: =VLOOKUP($A5,'Indicadores Financeiros'!$A$114:$J$217,2,FALSE) -> São Paulo - Fórum Criminal - Complexo Judiciário Ministro Mário Guimarães | C5: 551190 | D5: =VLOOKUP($C5,'Tabela de Códigos e Valores'!$A:$J,2,FALSE) -> Operador | E5: =VLOOKUP($C5,'Tabela de Códigos e Valores'!$A:$J,5,FALSE) -> Posto | F5: =VLOOKUP($A5,'Indicadores Financeiros'!$A$114:$J$1120,10,FALSE) -> 1 | G5: =VLOOKUP($C5,'Tabela de Códigos e Valores'!$A:$J,6,FALSE) -> Mensal | H5: =VLOOKUP($C5,'Tabela de Códigos e Valores'!$A:$AE,7,FALSE) -> 1 | I5: =VLOOKUP($C5,'Tabela de Códigos e Valores'!$A:$AE,8,FALSE) -> 20.75 | J5: 2 | K5: =VLOOKUP($C5,'Tabela de Códigos e Valores'!$A:$AE,12,FALSE) -> 0 | L5: =VLOOKUP($C5,'Tabela de Códigos e Valores'!$A:$AE,13,FALSE) -> 0 | M5: =VLOOKUP($C5,'Tabela de Códigos e Valores'!$A:$AE,25,FALSE) -> 0 | N5: =IF(E5<>"posto",VLOOKUP($C5,'Tabela de Códigos e Valores'!$A:$AA,26,FALSE),IF(ROUND((VLOOKUP($B5,'Indicadores Financeiros'!$B$114:$J$119,8,FALSE)*I5)-(VLOOKUP($C5,'Tabela de Códigos e Valores'!A:I,9,FALSE)*6%),2)<0,0,ROUND((VLOOKUP($B5,'Indicadores Financeiros'!$B$114:$J$119,8,FALSE)*I5)-(VLOOKUP($C5,'Tabela de Códigos e Valores'!A:I,9,FALSE)*6%),2))) -> 0 | O5: =VLOOKUP($C5,'Tabela de Códigos e Valores'!$A:$AE,27,FALSE) -> 0 | P5: =ROUND(SUM(K5:O5),2) -> 0 | Q5: =VLOOKUP($A5,'Indicadores Financeiros'!$A$114:$J$119,8,FALSE) -> 0.0526 | R5: =ROUND(P5*(1+Q5),2) -> 0 | S5: =ROUND(R5*J5,2) -> 0 | T5: =ROUND(S5*ROUND(('Indicadores Financeiros'!$F$14-F5+1),2),2) -> 0 | V5: =IF(E5="Posto",ROUND(J5*K5,2),0) -> 0 | W5: =ROUND('Indicadores Financeiros'!$J$72*$V5,2) -> 0 | Y5: =IF(J5=0,0,IF(E5="Posto",ROUND($R5/$I5,2),0)) -> 0 | Z5: =IF(J5=0,0,IF(E5="Posto",ROUND(ROUND(ROUND((VLOOKUP($C5,'Tabela de Códigos e Valores'!$A:$AE,23,FALSE)/'Relatório Custo'!I5),2)+ROUND(VLOOKUP($C5,'Tabela de Códigos e Valores'!$A:$AE,26,FALSE)/'Relatório Custo'!I5,2)+ROUND((('Indicadores Financeiros'!$J$62*'Relatório Custo'!K5)/'Relatório Custo'!I5),2),2)*(1+Q5),2),0)) -> 0
A6: 5 | B6: =VLOOKUP($A6,'Indicadores Financeiros'!$A$114:$J$217,2,FALSE) -> São Paulo - Fórum Criminal - Complexo Judiciário Ministro Mário Guimarães | C6: 551191 | D6: =VLOOKUP($C6,'Tabela de Códigos e Valores'!$A:$J,2,FALSE) -> Auxiliar Técnico especializado em Refrigeração | E6: =VLOOKUP($C6,'Tabela de Códigos e Valores'!$A:$J,5,FALSE) -> Posto | F6: =VLOOKUP($A6,'Indicadores Financeiros'!$A$114:$J$1120,10,FALSE) -> 1 | G6: =VLOOKUP($C6,'Tabela de Códigos e Valores'!$A:$J,6,FALSE) -> Mensal | H6: =VLOOKUP($C6,'Tabela de Códigos e Valores'!$A:$AE,7,FALSE) -> 1 | I6: =VLOOKUP($C6,'Tabela de Códigos e Valores'!$A:$AE,8,FALSE) -> 20.75 | J6: 2 | K6: =VLOOKUP($C6,'Tabela de Códigos e Valores'!$A:$AE,12,FALSE) -> 0 | L6: =VLOOKUP($C6,'Tabela de Códigos e Valores'!$A:$AE,13,FALSE) -> 0 | M6: =VLOOKUP($C6,'Tabela de Códigos e Valores'!$A:$AE,25,FALSE) -> 0 | N6: =IF(E6<>"posto",VLOOKUP($C6,'Tabela de Códigos e Valores'!$A:$AA,26,FALSE),IF(ROUND((VLOOKUP($B6,'Indicadores Financeiros'!$B$114:$J$119,8,FALSE)*I6)-(VLOOKUP($C6,'Tabela de Códigos e Valores'!A:I,9,FALSE)*6%),2)<0,0,ROUND((VLOOKUP($B6,'Indicadores Financeiros'!$B$114:$J$119,8,FALSE)*I6)-(VLOOKUP($C6,'Tabela de Códigos e Valores'!A:I,9,FALSE)*6%),2))) -> 0 | O6: =VLOOKUP($C6,'Tabela de Códigos e Valores'!$A:$AE,27,FALSE) -> 0 | P6: =ROUND(SUM(K6:O6),2) -> 0 | Q6: =VLOOKUP($A6,'Indicadores Financeiros'!$A$114:$J$119,8,FALSE) -> 0.0526 | R6: =ROUND(P6*(1+Q6),2) -> 0 | S6: =ROUND(R6*J6,2) -> 0 | T6: =ROUND(S6*ROUND(('Indicadores Financeiros'!$F$14-F6+1),2),2) -> 0 | V6: =IF(E6="Posto",ROUND(J6*K6,2),0) -> 0 | W6: =ROUND('Indicadores Financeiros'!$J$72*$V6,2) -> 0 | Y6: =IF(J6=0,0,IF(E6="Posto",ROUND($R6/$I6,2),0)) -> 0 | Z6: =IF(J6=0,0,IF(E6="Posto",ROUND(ROUND(ROUND((VLOOKUP($C6,'Tabela de Códigos e Valores'!$A:$AE,23,FALSE)/'Relatório Custo'!I6),2)+ROUND(VLOOKUP($C6,'Tabela de Códigos e Valores'!$A:$AE,26,FALSE)/'Relatório Custo'!I6,2)+ROUND((('Indicadores Financeiros'!$J$62*'Relatório Custo'!K6)/'Relatório Custo'!I6),2),2)*(1+Q6),2),0)) -> 0
A7: 5 | B7: =VLOOKUP($A7,'Indicadores Financeiros'!$A$114:$J$217,2,FALSE) -> São Paulo - Fórum Criminal - Complexo Judiciário Ministro Mário Guimarães | C7: 551192 | D7: =VLOOKUP($C7,'Tabela de Códigos e Valores'!$A:$J,2,FALSE) -> Técnico Elétrico/ Eletrônico/ Eletrotécnico, especializado em refrigeração | E7: =VLOOKUP($C7,'Tabela de Códigos e Valores'!$A:$J,5,FALSE) -> Posto | F7: =VLOOKUP($A7,'Indicadores Financeiros'!$A$114:$J$1120,10,FALSE) -> 1 | G7: =VLOOKUP($C7,'Tabela de Códigos e Valores'!$A:$J,6,FALSE) -> Mensal | H7: =VLOOKUP($C7,'Tabela de Códigos e Valores'!$A:$AE,7,FALSE) -> 1 | I7: =VLOOKUP($C7,'Tabela de Códigos e Valores'!$A:$AE,8,FALSE) -> 20.75 | J7: 2 | K7: =VLOOKUP($C7,'Tabela de Códigos e Valores'!$A:$AE,12,FALSE) -> 0 | L7: =VLOOKUP($C7,'Tabela de Códigos e Valores'!$A:$AE,13,FALSE) -> 0 | M7: =VLOOKUP($C7,'Tabela de Códigos e Valores'!$A:$AE,25,FALSE) -> 0 | N7: =IF(E7<>"posto",VLOOKUP($C7,'Tabela de Códigos e Valores'!$A:$AA,26,FALSE),IF(ROUND((VLOOKUP($B7,'Indicadores Financeiros'!$B$114:$J$119,8,FALSE)*I7)-(VLOOKUP($C7,'Tabela de Códigos e Valores'!A:I,9,FALSE)*6%),2)<0,0,ROUND((VLOOKUP($B7,'Indicadores Financeiros'!$B$114:$J$119,8,FALSE)*I7)-(VLOOKUP($C7,'Tabela de Códigos e Valores'!A:I,9,FALSE)*6%),2))) -> 0 | O7: =VLOOKUP($C7,'Tabela de Códigos e Valores'!$A:$AE,27,FALSE) -> 0 | P7: =ROUND(SUM(K7:O7),2) -> 0 | Q7: =VLOOKUP($A7,'Indicadores Financeiros'!$A$114:$J$119,8,FALSE) -> 0.0526 | R7: =ROUND(P7*(1+Q7),2) -> 0 | S7: =ROUND(R7*J7,2) -> 0 | T7: =ROUND(S7*ROUND(('Indicadores Financeiros'!$F$14-F7+1),2),2) -> 0 | V7: =IF(E7="Posto",ROUND(J7*K7,2),0) -> 0 | W7: =ROUND('Indicadores Financeiros'!$J$72*$V7,2) -> 0 | Y7: =IF(J7=0,0,IF(E7="Posto",ROUND($R7/$I7,2),0)) -> 0 | Z7: =IF(J7=0,0,IF(E7="Posto",ROUND(ROUND(ROUND((VLOOKUP($C7,'Tabela de Códigos e Valores'!$A:$AE,23,FALSE)/'Relatório Custo'!I7),2)+ROUND(VLOOKUP($C7,'Tabela de Códigos e Valores'!$A:$AE,26,FALSE)/'Relatório Custo'!I7,2)+ROUND((('Indicadores Financeiros'!$J$62*'Relatório Custo'!K7)/'Relatório Custo'!I7),2),2)*(1+Q7),2),0)) -> 0
A8: 5 | B8: =VLOOKUP($A8,'Indicadores Financeiros'!$A$114:$J$217,2,FALSE) -> São Paulo - Fórum Criminal - Complexo Judiciário Ministro Mário Guimarães | C8: 551195 | D8: =VLOOKUP($C8,'Tabela de Códigos e Valores'!$A:$J,2,FALSE) -> Técnico em Refrigeração Mecânico - Hora Extra Noturna | E8: =VLOOKUP($C8,'Tabela de Códigos e Valores'!$A:$J,5,FALSE) -> Hora Extra | F8: =VLOOKUP($A8,'Indicadores Financeiros'!$A$114:$J$1120,10,FALSE) -> 1 | G8: =VLOOKUP($C8,'Tabela de Códigos e Valores'!$A:$J,6,FALSE) -> Mensal | H8: =VLOOKUP($C8,'Tabela de Códigos e Valores'!$A:$AE,7,FALSE) -> 1 | I8: =VLOOKUP($C8,'Tabela de Códigos e Valores'!$A:$AE,8,FALSE) -> 20.75 | J8: 20 | K8: =VLOOKUP($C8,'Tabela de Códigos e Valores'!$A:$AE,12,FALSE) -> 0 | L8: =VLOOKUP($C8,'Tabela de Códigos e Valores'!$A:$AE,13,FALSE) -> 0 | M8: =VLOOKUP($C8,'Tabela de Códigos e Valores'!$A:$AE,25,FALSE) -> 0 | N8: =IF(E8<>"posto",VLOOKUP($C8,'Tabela de Códigos e Valores'!$A:$AA,26,FALSE),IF(ROUND((VLOOKUP($B8,'Indicadores Financeiros'!$B$114:$J$119,8,FALSE)*I8)-(VLOOKUP($C8,'Tabela de Códigos e Valores'!A:I,9,FALSE)*6%),2)<0,0,ROUND((VLOOKUP($B8,'Indicadores Financeiros'!$B$114:$J$119,8,FALSE)*I8)-(VLOOKUP($C8,'Tabela de Códigos e Valores'!A:I,9,FALSE)*6%),2))) -> 0 | O8: =VLOOKUP($C8,'Tabela de Códigos e Valores'!$A:$AE,27,FALSE) -> 0 | P8: =ROUND(SUM(K8:O8),2) -> 0 | Q8: =VLOOKUP($A8,'Indicadores Financeiros'!$A$114:$J$119,8,FALSE) -> 0.0526 | R8: =ROUND(P8*(1+Q8),2) -> 0 | S8: =ROUND(R8*J8,2) -> 0 | T8: =ROUND(S8*ROUND(('Indicadores Financeiros'!$F$14-F8+1),2),2) -> 0 | V8: =IF(E8="Posto",ROUND(J8*K8,2),0) -> 0 | W8: =ROUND('Indicadores Financeiros'!$J$72*$V8,2) -> 0 | Y8: =IF(J8=0,0,IF(E8="Posto",ROUND($R8/$I8,2),0)) -> 0 | Z8: =IF(J8=0,0,IF(E8="Posto",ROUND(ROUND(ROUND((VLOOKUP($C8,'Tabela de Códigos e Valores'!$A:$AE,23,FALSE)/'Relatório Custo'!I8),2)+ROUND(VLOOKUP($C8,'Tabela de Códigos e Valores'!$A:$AE,26,FALSE)/'Relatório Custo'!I8,2)+ROUND((('Indicadores Financeiros'!$J$62*'Relatório Custo'!K8)/'Relatório Custo'!I8),2),2)*(1+Q8),2),0)) -> 0
A9: 5 | B9: =VLOOKUP($A9,'Indicadores Financeiros'!$A$114:$J$217,2,FALSE) -> São Paulo - Fórum Criminal - Complexo Judiciário Ministro Mário Guimarães | C9: 551196 | D9: =VLOOKUP($C9,'Tabela de Códigos e Valores'!$A:$J,2,FALSE) -> Técnico em Refrigeração Mecânico - Hora Extra Sábado | E9: =VLOOKUP($C9,'Tabela de Códigos e Valores'!$A:$J,5,FALSE) -> Hora Extra | F9: =VLOOKUP($A9,'Indicadores Financeiros'!$A$114:$J$1120,10,FALSE) -> 1 | G9: =VLOOKUP($C9,'Tabela de Códigos e Valores'!$A:$J,6,FALSE) -> Mensal | H9: =VLOOKUP($C9,'Tabela de Códigos e Valores'!$A:$AE,7,FALSE) -> 1 | I9: =VLOOKUP($C9,'Tabela de Códigos e Valores'!$A:$AE,8,FALSE) -> 20.75 | J9: 8 | K9: =VLOOKUP($C9,'Tabela de Códigos e Valores'!$A:$AE,12,FALSE) -> 0 | L9: =VLOOKUP($C9,'Tabela de Códigos e Valores'!$A:$AE,13,FALSE) -> 0 | M9: =VLOOKUP($C9,'Tabela de Códigos e Valores'!$A:$AE,25,FALSE) -> 0 | N9: =IF(E9<>"posto",VLOOKUP($C9,'Tabela de Códigos e Valores'!$A:$AA,26,FALSE),IF(ROUND((VLOOKUP($B9,'Indicadores Financeiros'!$B$114:$J$119,8,FALSE)*I9)-(VLOOKUP($C9,'Tabela de Códigos e Valores'!A:I,9,FALSE)*6%),2)<0,0,ROUND((VLOOKUP($B9,'Indicadores Financeiros'!$B$114:$J$119,8,FALSE)*I9)-(VLOOKUP($C9,'Tabela de Códigos e Valores'!A:I,9,FALSE)*6%),2))) -> 0 | O9: =VLOOKUP($C9,'Tabela de Códigos e Valores'!$A:$AE,27,FALSE) -> 0 | P9: =ROUND(SUM(K9:O9),2) -> 0 | Q9: =VLOOKUP($A9,'Indicadores Financeiros'!$A$114:$J$119,8,FALSE) -> 0.0526 | R9: =ROUND(P9*(1+Q9),2) -> 0 | S9: =ROUND(R9*J9,2) -> 0 | T9: =ROUND(S9*ROUND(('Indicadores Financeiros'!$F$14-F9+1),2),2) -> 0 | V9: =IF(E9="Posto",ROUND(J9*K9,2),0) -> 0 | W9: =ROUND('Indicadores Financeiros'!$J$72*$V9,2) -> 0 | Y9: =IF(J9=0,0,IF(E9="Posto",ROUND($R9/$I9,2),0)) -> 0 | Z9: =IF(J9=0,0,IF(E9="Posto",ROUND(ROUND(ROUND((VLOOKUP($C9,'Tabela de Códigos e Valores'!$A:$AE,23,FALSE)/'Relatório Custo'!I9),2)+ROUND(VLOOKUP($C9,'Tabela de Códigos e Valores'!$A:$AE,26,FALSE)/'Relatório Custo'!I9,2)+ROUND((('Indicadores Financeiros'!$J$62*'Relatório Custo'!K9)/'Relatório Custo'!I9),2),2)*(1+Q9),2),0)) -> 0
A10: 5 | B10: =VLOOKUP($A10,'Indicadores Financeiros'!$A$114:$J$217,2,FALSE) -> São Paulo - Fórum Criminal - Complexo Judiciário Ministro Mário Guimarães | C10: 551197 | D10: =VLOOKUP($C10,'Tabela de Códigos e Valores'!$A:$J,2,FALSE) -> Técnico em Refrigeração Mecânico - Hora Extra Domingo e Feriado | E10: =VLOOKUP($C10,'Tabela de Códigos e Valores'!$A:$J,5,FALSE) -> Hora Extra | F10: =VLOOKUP($A10,'Indicadores Financeiros'!$A$114:$J$1120,10,FALSE) -> 1 | G10: =VLOOKUP($C10,'Tabela de Códigos e Valores'!$A:$J,6,FALSE) -> Mensal | H10: =VLOOKUP($C10,'Tabela de Códigos e Valores'!$A:$AE,7,FALSE) -> 1 | I10: =VLOOKUP($C10,'Tabela de Códigos e Valores'!$A:$AE,8,FALSE) -> 20.75 | J10: 8 | K10: =VLOOKUP($C10,'Tabela de Códigos e Valores'!$A:$AE,12,FALSE) -> 0 | L10: =VLOOKUP($C10,'Tabela de Códigos e Valores'!$A:$AE,13,FALSE) -> 0 | M10: =VLOOKUP($C10,'Tabela de Códigos e Valores'!$A:$AE,25,FALSE) -> 0 | N10: =IF(E10<>"posto",VLOOKUP($C10,'Tabela de Códigos e Valores'!$A:$AA,26,FALSE),IF(ROUND((VLOOKUP($B10,'Indicadores Financeiros'!$B$114:$J$119,8,FALSE)*I10)-(VLOOKUP($C10,'Tabela de Códigos e Valores'!A:I,9,FALSE)*6%),2)<0,0,ROUND((VLOOKUP($B10,'Indicadores Financeiros'!$B$114:$J$119,8,FALSE)*I10)-(VLOOKUP($C10,'Tabela de Códigos e Valores'!A:I,9,FALSE)*6%),2))) -> 0 | O10: =VLOOKUP($C10,'Tabela de Códigos e Valores'!$A:$AE,27,FALSE) -> 0 | P10: =ROUND(SUM(K10:O10),2) -> 0 | Q10: =VLOOKUP($A10,'Indicadores Financeiros'!$A$114:$J$119,8,FALSE) -> 0.0526 | R10: =ROUND(P10*(1+Q10),2) -> 0 | S10: =ROUND(R10*J10,2) -> 0 | T10: =ROUND(S10*ROUND(('Indicadores Financeiros'!$F$14-F10+1),2),2) -> 0 | V10: =IF(E10="Posto",ROUND(J10*K10,2),0) -> 0 | W10: =ROUND('Indicadores Financeiros'!$J$72*$V10,2) -> 0 | Y10: =IF(J10=0,0,IF(E10="Posto",ROUND($R10/$I10,2),0)) -> 0 | Z10: =IF(J10=0,0,IF(E10="Posto",ROUND(ROUND(ROUND((VLOOKUP($C10,'Tabela de Códigos e Valores'!$A:$AE,23,FALSE)/'Relatório Custo'!I10),2)+ROUND(VLOOKUP($C10,'Tabela de Códigos e Valores'!$A:$AE,26,FALSE)/'Relatório Custo'!I10,2)+ROUND((('Indicadores Financeiros'!$J$62*'Relatório Custo'!K10)/'Relatório Custo'!I10),2),2)*(1+Q10),2),0)) -> 0
A11: 5 | B11: =VLOOKUP($A11,'Indicadores Financeiros'!$A$114:$J$217,2,FALSE) -> São Paulo - Fórum Criminal - Complexo Judiciário Ministro Mário Guimarães | C11: 551198 | D11: =VLOOKUP($C11,'Tabela de Códigos e Valores'!$A:$J,2,FALSE) -> Auxiliar Técnico em Refrigeração - Hora Extra Noturna | E11: =VLOOKUP($C11,'Tabela de Códigos e Valores'!$A:$J,5,FALSE) -> Hora Extra | F11: =VLOOKUP($A11,'Indicadores Financeiros'!$A$114:$J$1120,10,FALSE) -> 1 | G11: =VLOOKUP($C11,'Tabela de Códigos e Valores'!$A:$J,6,FALSE) -> Mensal | H11: =VLOOKUP($C11,'Tabela de Códigos e Valores'!$A:$AE,7,FALSE) -> 1 | I11: =VLOOKUP($C11,'Tabela de Códigos e Valores'!$A:$AE,8,FALSE) -> 20.75 | J11: 20 | K11: =VLOOKUP($C11,'Tabela de Códigos e Valores'!$A:$AE,12,FALSE) -> 0 | L11: =VLOOKUP($C11,'Tabela de Códigos e Valores'!$A:$AE,13,FALSE) -> 0 | M11: =VLOOKUP($C11,'Tabela de Códigos e Valores'!$A:$AE,25,FALSE) -> 0 | N11: =IF(E11<>"posto",VLOOKUP($C11,'Tabela de Códigos e Valores'!$A:$AA,26,FALSE),IF(ROUND((VLOOKUP($B11,'Indicadores Financeiros'!$B$114:$J$119,8,FALSE)*I11)-(VLOOKUP($C11,'Tabela de Códigos e Valores'!A:I,9,FALSE)*6%),2)<0,0,ROUND((VLOOKUP($B11,'Indicadores Financeiros'!$B$114:$J$119,8,FALSE)*I11)-(VLOOKUP($C11,'Tabela de Códigos e Valores'!A:I,9,FALSE)*6%),2))) -> 0 | O11: =VLOOKUP($C11,'Tabela de Códigos e Valores'!$A:$AE,27,FALSE) -> 0 | P11: =ROUND(SUM(K11:O11),2) -> 0 | Q11: =VLOOKUP($A11,'Indicadores Financeiros'!$A$114:$J$119,8,FALSE) -> 0.0526 | R11: =ROUND(P11*(1+Q11),2) -> 0 | S11: =ROUND(R11*J11,2) -> 0 | T11: =ROUND(S11*ROUND(('Indicadores Financeiros'!$F$14-F11+1),2),2) -> 0 | V11: =IF(E11="Posto",ROUND(J11*K11,2),0) -> 0 | W11: =ROUND('Indicadores Financeiros'!$J$72*$V11,2) -> 0 | Y11: =IF(J11=0,0,IF(E11="Posto",ROUND($R11/$I11,2),0)) -> 0 | Z11: =IF(J11=0,0,IF(E11="Posto",ROUND(ROUND(ROUND((VLOOKUP($C11,'Tabela de Códigos e Valores'!$A:$AE,23,FALSE)/'Relatório Custo'!I11),2)+ROUND(VLOOKUP($C11,'Tabela de Códigos e Valores'!$A:$AE,26,FALSE)/'Relatório Custo'!I11,2)+ROUND((('Indicadores Financeiros'!$J$62*'Relatório Custo'!K11)/'Relatório Custo'!I11),2),2)*(1+Q11),2),0)) -> 0
A12: 5 | B12: =VLOOKUP($A12,'Indicadores Financeiros'!$A$114:$J$217,2,FALSE) -> São Paulo - Fórum Criminal - Complexo Judiciário Ministro Mário Guimarães | C12: 551199 | D12: =VLOOKUP($C12,'Tabela de Códigos e Valores'!$A:$J,2,FALSE) -> Auxiliar Técnico em Refrigeração - Hora Extra Sábado | E12: =VLOOKUP($C12,'Tabela de Códigos e Valores'!$A:$J,5,FALSE) -> Hora Extra | F12: =VLOOKUP($A12,'Indicadores Financeiros'!$A$114:$J$1120,10,FALSE) -> 1 | G12: =VLOOKUP($C12,'Tabela de Códigos e Valores'!$A:$J,6,FALSE) -> Mensal | H12: =VLOOKUP($C12,'Tabela de Códigos e Valores'!$A:$AE,7,FALSE) -> 1 | I12: =VLOOKUP($C12,'Tabela de Códigos e Valores'!$A:$AE,8,FALSE) -> 20.75 | J12: 8 | K12: =VLOOKUP($C12,'Tabela de Códigos e Valores'!$A:$AE,12,FALSE) -> 0 | L12: =VLOOKUP($C12,'Tabela de Códigos e Valores'!$A:$AE,13,FALSE) -> 0 | M12: =VLOOKUP($C12,'Tabela de Códigos e Valores'!$A:$AE,25,FALSE) -> 0 | N12: =IF(E12<>"posto",VLOOKUP($C12,'Tabela de Códigos e Valores'!$A:$AA,26,FALSE),IF(ROUND((VLOOKUP($B12,'Indicadores Financeiros'!$B$114:$J$119,8,FALSE)*I12)-(VLOOKUP($C12,'Tabela de Códigos e Valores'!A:I,9,FALSE)*6%),2)<0,0,ROUND((VLOOKUP($B12,'Indicadores Financeiros'!$B$114:$J$119,8,FALSE)*I12)-(VLOOKUP($C12,'Tabela de Códigos e Valores'!A:I,9,FALSE)*6%),2))) -> 0 | O12: =VLOOKUP($C12,'Tabela de Códigos e Valores'!$A:$AE,27,FALSE) -> 0 | P12: =ROUND(SUM(K12:O12),2) -> 0 | Q12: =VLOOKUP($A12,'Indicadores Financeiros'!$A$114:$J$119,8,FALSE) -> 0.0526 | R12: =ROUND(P12*(1+Q12),2) -> 0 | S12: =ROUND(R12*J12,2) -> 0 | T12: =ROUND(S12*ROUND(('Indicadores Financeiros'!$F$14-F12+1),2),2) -> 0 | V12: =IF(E12="Posto",ROUND(J12*K12,2),0) -> 0 | W12: =ROUND('Indicadores Financeiros'!$J$72*$V12,2) -> 0 | Y12: =IF(J12=0,0,IF(E12="Posto",ROUND($R12/$I12,2),0)) -> 0 | Z12: =IF(J12=0,0,IF(E12="Posto",ROUND(ROUND(ROUND((VLOOKUP($C12,'Tabela de Códigos e Valores'!$A:$AE,23,FALSE)/'Relatório Custo'!I12),2)+ROUND(VLOOKUP($C12,'Tabela de Códigos e Valores'!$A:$AE,26,FALSE)/'Relatório Custo'!I12,2)+ROUND((('Indicadores Financeiros'!$J$62*'Relatório Custo'!K12)/'Relatório Custo'!I12),2),2)*(1+Q12),2),0)) -> 0
A13: 5 | B13: =VLOOKUP($A13,'Indicadores Financeiros'!$A$114:$J$217,2,FALSE) -> São Paulo - Fórum Criminal - Complexo Judiciário Ministro Mário Guimarães | C13: 551200 | D13: =VLOOKUP($C13,'Tabela de Códigos e Valores'!$A:$J,2,FALSE) -> Auxiliar Técnico em Refrigeração - Hora Extra Domingos e Feriados | E13: =VLOOKUP($C13,'Tabela de Códigos e Valores'!$A:$J,5,FALSE) -> Hora Extra | F13: =VLOOKUP($A13,'Indicadores Financeiros'!$A$114:$J$1120,10,FALSE) -> 1 | G13: =VLOOKUP($C13,'Tabela de Códigos e Valores'!$A:$J,6,FALSE) -> Mensal | H13: =VLOOKUP($C13,'Tabela de Códigos e Valores'!$A:$AE,7,FALSE) -> 1 | I13: =VLOOKUP($C13,'Tabela de Códigos e Valores'!$A:$AE,8,FALSE) -> 20.75 | J13: 8 | K13: =VLOOKUP($C13,'Tabela de Códigos e Valores'!$A:$AE,12,FALSE) -> 0 | L13: =VLOOKUP($C13,'Tabela de Códigos e Valores'!$A:$AE,13,FALSE) -> 0 | M13: =VLOOKUP($C13,'Tabela de Códigos e Valores'!$A:$AE,25,FALSE) -> 0 | N13: =IF(E13<>"posto",VLOOKUP($C13,'Tabela de Códigos e Valores'!$A:$AA,26,FALSE),IF(ROUND((VLOOKUP($B13,'Indicadores Financeiros'!$B$114:$J$119,8,FALSE)*I13)-(VLOOKUP($C13,'Tabela de Códigos e Valores'!A:I,9,FALSE)*6%),2)<0,0,ROUND((VLOOKUP($B13,'Indicadores Financeiros'!$B$114:$J$119,8,FALSE)*I13)-(VLOOKUP($C13,'Tabela de Códigos e Valores'!A:I,9,FALSE)*6%),2))) -> 0 | O13: =VLOOKUP($C13,'Tabela de Códigos e Valores'!$A:$AE,27,FALSE) -> 0 | P13: =ROUND(SUM(K13:O13),2) -> 0 | Q13: =VLOOKUP($A13,'Indicadores Financeiros'!$A$114:$J$119,8,FALSE) -> 0.0526 | R13: =ROUND(P13*(1+Q13),2) -> 0 | S13: =ROUND(R13*J13,2) -> 0 | T13: =ROUND(S13*ROUND(('Indicadores Financeiros'!$F$14-F13+1),2),2) -> 0 | V13: =IF(E13="Posto",ROUND(J13*K13,2),0) -> 0 | W13: =ROUND('Indicadores Financeiros'!$J$72*$V13,2) -> 0 | Y13: =IF(J13=0,0,IF(E13="Posto",ROUND($R13/$I13,2),0)) -> 0 | Z13: =IF(J13=0,0,IF(E13="Posto",ROUND(ROUND(ROUND((VLOOKUP($C13,'Tabela de Códigos e Valores'!$A:$AE,23,FALSE)/'Relatório Custo'!I13),2)+ROUND(VLOOKUP($C13,'Tabela de Códigos e Valores'!$A:$AE,26,FALSE)/'Relatório Custo'!I13,2)+ROUND((('Indicadores Financeiros'!$J$62*'Relatório Custo'!K13)/'Relatório Custo'!I13),2),2)*(1+Q13),2),0)) -> 0
A14: 9 | B14: =VLOOKUP($A14,'Indicadores Financeiros'!$A$114:$J$217,2,FALSE) -> São Paulo - GADE IV - 23 de Maio | C14: 551189 | D14: =VLOOKUP($C14,'Tabela de Códigos e Valores'!$A:$J,2,FALSE) -> Técnico mecânico especializado em Refrigeração | E14: =VLOOKUP($C14,'Tabela de Códigos e Valores'!$A:$J,5,FALSE) -> Posto | F14: =VLOOKUP($A14,'Indicadores Financeiros'!$A$114:$J$1120,10,FALSE) -> 1 | G14: =VLOOKUP($C14,'Tabela de Códigos e Valores'!$A:$J,6,FALSE) -> Mensal | H14: =VLOOKUP($C14,'Tabela de Códigos e Valores'!$A:$AE,7,FALSE) -> 1 | I14: =VLOOKUP($C14,'Tabela de Códigos e Valores'!$A:$AE,8,FALSE) -> 20.75 | J14: 2 | K14: =VLOOKUP($C14,'Tabela de Códigos e Valores'!$A:$AE,12,FALSE) -> 0 | L14: =VLOOKUP($C14,'Tabela de Códigos e Valores'!$A:$AE,13,FALSE) -> 0 | M14: =VLOOKUP($C14,'Tabela de Códigos e Valores'!$A:$AE,25,FALSE) -> 0 | N14: =IF(E14<>"posto",VLOOKUP($C14,'Tabela de Códigos e Valores'!$A:$AA,26,FALSE),IF(ROUND((VLOOKUP($B14,'Indicadores Financeiros'!$B$114:$J$119,8,FALSE)*I14)-(VLOOKUP($C14,'Tabela de Códigos e Valores'!A:I,9,FALSE)*6%),2)<0,0,ROUND((VLOOKUP($B14,'Indicadores Financeiros'!$B$114:$J$119,8,FALSE)*I14)-(VLOOKUP($C14,'Tabela de Códigos e Valores'!A:I,9,FALSE)*6%),2))) -> 0 | O14: =VLOOKUP($C14,'Tabela de Códigos e Valores'!$A:$AE,27,FALSE) -> 0 | P14: =ROUND(SUM(K14:O14),2) -> 0 | Q14: =VLOOKUP($A14,'Indicadores Financeiros'!$A$114:$J$119,8,FALSE) -> 0.0526 | R14: =ROUND(P14*(1+Q14),2) -> 0 | S14: =ROUND(R14*J14,2) -> 0 | T14: =ROUND(S14*ROUND(('Indicadores Financeiros'!$F$14-F14+1),2),2) -> 0 | V14: =IF(E14="Posto",ROUND(J14*K14,2),0) -> 0 | W14: =ROUND('Indicadores Financeiros'!$J$72*$V14,2) -> 0 | Y14: =IF(J14=0,0,IF(E14="Posto",ROUND($R14/$I14,2),0)) -> 0 | Z14: =IF(J14=0,0,IF(E14="Posto",ROUND(ROUND(ROUND((VLOOKUP($C14,'Tabela de Códigos e Valores'!$A:$AE,23,FALSE)/'Relatório Custo'!I14),2)+ROUND(VLOOKUP($C14,'Tabela de Códigos e Valores'!$A:$AE,26,FALSE)/'Relatório Custo'!I14,2)+ROUND((('Indicadores Financeiros'!$J$62*'Relatório Custo'!K14)/'Relatório Custo'!I14),2),2)*(1+Q14),2),0)) -> 0
... A21: 15 | B21: =VLOOKUP($A21,'Indicadores Financeiros'!$A$114:$J$217,2,FALSE) -> São Paulo - Unidade Administrativa I - Praça do Patriarca | C21: 551196 | D21: =VLOOKUP($C21,'Tabela de Códigos e Valores'!$A:$J,2,FALSE) -> Técnico em Refrigeração Mecânico - Hora Extra Sábado | E21: =VLOOKUP($C21,'Tabela de Códigos e Valores'!$A:$J,5,FALSE) -> Hora Extra | F21: =VLOOKUP($A21,'Indicadores Financeiros'!$A$114:$J$1120,10,FALSE) -> 1 | G21: =VLOOKUP($C21,'Tabela de Códigos e Valores'!$A:$J,6,FALSE) -> Mensal | H21: =VLOOKUP($C21,'Tabela de Códigos e Valores'!$A:$AE,7,FALSE) -> 1 | I21: =VLOOKUP($C21,'Tabela de Códigos e Valores'!$A:$AE,8,FALSE) -> 20.75 | J21: 42 | K21: =VLOOKUP($C21,'Tabela de Códigos e Valores'!$A:$AE,12,FALSE) -> 0 | L21: =VLOOKUP($C21,'Tabela de Códigos e Valores'!$A:$AE,13,FALSE) -> 0 | M21: =VLOOKUP($C21,'Tabela de Códigos e Valores'!$A:$AE,25,FALSE) -> 0 | N21: =IF(E21<>"posto",VLOOKUP($C21,'Tabela de Códigos e Valores'!$A:$AA,26,FALSE),IF(ROUND((VLOOKUP($B21,'Indicadores Financeiros'!$B$114:$J$119,8,FALSE)*I21)-(VLOOKUP($C21,'Tabela de Códigos e Valores'!A:I,9,FALSE)*6%),2)<0,0,ROUND((VLOOKUP($B21,'Indicadores Financeiros'!$B$114:$J$119,8,FALSE)*I21)-(VLOOKUP($C21,'Tabela de Códigos e Valores'!A:I,9,FALSE)*6%),2))) -> 0 | O21: =VLOOKUP($C21,'Tabela de Códigos e Valores'!$A:$AE,27,FALSE) -> 0 | P21: =ROUND(SUM(K21:O21),2) -> 0 | Q21: =VLOOKUP($A21,'Indicadores Financeiros'!$A$114:$J$119,8,FALSE) -> 0.0526 | R21: =ROUND(P21*(1+Q21),2) -> 0 | S21: =ROUND(R21*J21,2) -> 0 | T21: =ROUND(S21*ROUND(('Indicadores Financeiros'!$F$14-F21+1),2),2) -> 0 | V21: =IF(E21="Posto",ROUND(J21*K21,2),0) -> 0 | W21: =ROUND('Indicadores Financeiros'!$J$72*$V21,2) -> 0 | Y21: =IF(J21=0,0,IF(E21="Posto",ROUND($R21/$I21,2),0)) -> 0 | Z21: =IF(J21=0,0,IF(E21="Posto",ROUND(ROUND(ROUND((VLOOKUP($C21,'Tabela de Códigos e Valores'!$A:$AE,23,FALSE)/'Relatório Custo'!I21),2)+ROUND(VLOOKUP($C21,'Tabela de Códigos e Valores'!$A:$AE,26,FALSE)/'Relatório Custo'!I21,2)+ROUND((('Indicadores Financeiros'!$J$62*'Relatório Custo'!K21)/'Relatório Custo'!I21),2),2)*(1+Q21),2),0)) -> 0
S22: =SUBTOTAL(9,S3:S21) -> 0 | T22: =SUBTOTAL(9,T3:T21) -> 0 | V22: =SUBTOTAL(9,V3:V21) -> 0 | W22: =SUBTOTAL(9,W3:W21) -> 0

Sheet Horas Extras
A1: Lote | B1: Grupo | C1: Localidade | D1: Código | E1: Função | F1: Unidade | G1: Quantidade de Horas | H1: Remuneração (Salários + Adicionais) | I1: Adicional de Hora Extra | J1: Remuneração Total | K1: Encargos Sociais e Trabalhistas | L1: Benefícios (Vale refeição) | M1: Vale Transporte | N1: Uniformes e EPI´s | O1: Valor Unitário da Hora- sem BDI | P1: BDI | Q1: Valor Unitário da Hora- com BDI
A3: 5 | B3: 2 | C3: =VLOOKUP(A3,'Indicadores Financeiros'!$A$114:$F$118,2,FALSE) -> São Paulo - Fórum Criminal - Complexo Judiciário Ministro Mário Guimarães | D3: 551195 | E3: =VLOOKUP(D3,'Tabela de Códigos e Valores'!$A$5:$B$15,2,FALSE) -> Técnico em Refrigeração Mecânico - Hora Extra Noturna | F3: =VLOOKUP(D3,'Tabela de Códigos e Valores'!$A$5:$E$15,5,FALSE) -> Hora Extra | H3: =ROUND(VLOOKUP(B3,'Indicadores Financeiros'!$A$84:$J$88,10,FALSE)/220,2) -> 0 | I3: =ROUND(H3*(1+'Indicadores Financeiros'!$H$77)*(1+'Indicadores Financeiros'!$H$78)-H3,2) -> 0 | J3: =ROUND(H3+I3,2) -> 0 | K3: =ROUND(J3*'Indicadores Financeiros'!$J$64,2) -> 0 | L3: =IF(OR(D3=551195,D3=551198),0,ROUND('Indicadores Financeiros'!$J$101/6,2)) -> 0 | M3: =IF(OR(D3=551195,D3=551198),0,ROUND(VLOOKUP(A3,'Indicadores Financeiros'!$A$114:$J$118,9,FALSE)/8,2)) -> 0 | O3: =ROUND(SUM(J3:N3),2) -> 0 | P3: =VLOOKUP(A3,'Indicadores Financeiros'!$A$114:$J$118,8,FALSE) -> 0.0526 | Q3: =ROUND(G3*ROUND(O3*(1+P3),2),2) -> 0 | R3: =Q3-'Tabela de Códigos e Valores'!AE10 -> 0
A4: 5 | B4: 2 | C4: =VLOOKUP(A4,'Indicadores Financeiros'!$A$114:$F$118,2,FALSE) -> São Paulo - Fórum Criminal - Complexo Judiciário Ministro Mário Guimarães | D4: 551196 | E4: =VLOOKUP(D4,'Tabela de Códigos e Valores'!$A$5:$B$15,2,FALSE) -> Técnico em Refrigeração Mecânico - Hora Extra Sábado | F4: =VLOOKUP(D4,'Tabela de Códigos e Valores'!$A$5:$E$15,5,FALSE) -> Hora Extra | H4: =ROUND(VLOOKUP(B4,'Indicadores Financeiros'!$A$84:$J$88,10,FALSE)/220,2) -> 0 | I4: =ROUND('Indicadores Financeiros'!$H$79*H4,2) -> 0 | J4: =ROUND(H4+I4,2) -> 0 | K4: =ROUND(J4*'Indicadores Financeiros'!$J$64,2) -> 0 | L4: =IF(OR(D4=551195,D4=551198),0,ROUND('Indicadores Financeiros'!$J$101/6,2)) -> 0 | M4: =IF(OR(D4=551195,D4=551198),0,ROUND(VLOOKUP(A4,'Indicadores Financeiros'!$A$114:$J$118,9,FALSE)/8,2)) -> 0 | O4: =ROUND(SUM(J4:N4),2) -> 0 | P4: =VLOOKUP(A4,'Indicadores Financeiros'!$A$114:$J$118,8,FALSE) -> 0.0526 | Q4: =ROUND(G4*ROUND(O4*(1+P4),2),2) -> 0 | R4: =Q4-'Tabela de Códigos e Valores'!AE11 -> 0
A5: 5 | B5: 2 | C5: =VLOOKUP(A5,'Indicadores Financeiros'!$A$114:$F$118,2,FALSE) -> São Paulo - Fórum Criminal - Complexo Judiciário Ministro Mário Guimarães | D5: 551197 | E5: =VLOOKUP(D5,'Tabela de Códigos e Valores'!$A$5:$B$15,2,FALSE) -> Técnico em Refrigeração Mecânico - Hora Extra Domingo e Feriado | F5: =VLOOKUP(D5,'Tabela de Códigos e Valores'!$A$5:$E$15,5,FALSE) -> Hora Extra | H5: =ROUND(VLOOKUP(B5,'Indicadores Financeiros'!$A$84:$J$88,10,FALSE)/220,2) -> 0 | I5: =ROUND('Indicadores Financeiros'!$H$80*H5,2) -> 0 | J5: =ROUND(H5+I5,2) -> 0 | K5: =ROUND(J5*'Indicadores Financeiros'!$J$64,2) -> 0 | L5: =IF(OR(D5=551195,D5=551198),0,ROUND('Indicadores Financeiros'!$J$101/6,2)) -> 0 | M5: =IF(OR(D5=551195,D5=551198),0,ROUND(VLOOKUP(A5,'Indicadores Financeiros'!$A$114:$J$118,9,FALSE)/8,2)) -> 0 | O5: =ROUND(SUM(J5:N5),2) -> 0 | P5: =VLOOKUP(A5,'Indicadores Financeiros'!$A$114:$J$118,8,FALSE) -> 0.0526 | Q5: =ROUND(G5*ROUND(O5*(1+P5),2),2) -> 0 | R5: =Q5-'Tabela de Códigos e Valores'!AE12 -> 0
A6: 5 | B6: 5 | C6: =VLOOKUP(A6,'Indicadores Financeiros'!$A$114:$F$118,2,FALSE) -> São Paulo - Fórum Criminal - Complexo Judiciário Ministro Mário Guimarães | D6: 551198 | E6: =VLOOKUP(D6,'Tabela de Códigos e Valores'!$A$5:$B$15,2,FALSE) -> Auxiliar Técnico em Refrigeração - Hora Extra Noturna | F6: =VLOOKUP(D6,'Tabela de Códigos e Valores'!$A$5:$E$15,5,FALSE) -> Hora Extra | H6: =ROUND(VLOOKUP(B6,'Indicadores Financeiros'!$A$84:$J$88,10,FALSE)/220,2) -> 0 | I6: =ROUND(H6*(1+'Indicadores Financeiros'!$H$77)*(1+'Indicadores Financeiros'!$H$78)-H6,2) -> 0 | J6: =ROUND(H6+I6,2) -> 0 | K6: =ROUND(J6*'Indicadores Financeiros'!$J$64,2) -> 0 | L6: =IF(OR(D6=551195,D6=551198),0,ROUND('Indicadores Financeiros'!$J$101/6,2)) -> 0 | M6: =IF(OR(D6=551195,D6=551198),0,ROUND(VLOOKUP(A6,'Indicadores Financeiros'!$A$114:$J$118,9,FALSE)/8,2)) -> 0 | O6: =ROUND(SUM(J6:N6),2) -> 0 | P6: =VLOOKUP(A6,'Indicadores Financeiros'!$A$114:$J$118,8,FALSE) -> 0.0526 | Q6: =ROUND(G6*ROUND(O6*(1+P6),2),2) -> 0 | R6: =Q6-'Tabela de Códigos e Valores'!AE13 -> 0
A7: 5 | B7: 5 | C7: =VLOOKUP(A7,'Indicadores Financeiros'!$A$114:$F$118,2,FALSE) -> São Paulo - Fórum Criminal - Complexo Judiciário Ministro Mário Guimarães | D7: 551199 | E7: =VLOOKUP(D7,'Tabela de Códigos e Valores'!$A$5:$B$15,2,FALSE) -> Auxiliar Técnico em Refrigeração - Hora Extra Sábado | F7: =VLOOKUP(D7,'Tabela de Códigos e Valores'!$A$5:$E$15,5,FALSE) -> Hora Extra | H7: =ROUND(VLOOKUP(B7,'Indicadores Financeiros'!$A$84:$J$88,10,FALSE)/220,2) -> 0 | I7: =ROUND('Indicadores Financeiros'!$H$79*H7,2) -> 0 | J7: =ROUND(H7+I7,2) -> 0 | K7: =ROUND(J7*'Indicadores Financeiros'!$J$64,2) -> 0 | L7: =IF(OR(D7=551195,D7=551198),0,ROUND('Indicadores Financeiros'!$J$101/6,2)) -> 0 | M7: =IF(OR(D7=551195,D7=551198),0,ROUND(VLOOKUP(A7,'Indicadores Financeiros'!$A$114:$J$118,9,FALSE)/8,2)) -> 0 | O7: =ROUND(SUM(J7:N7),2) -> 0 | P7: =VLOOKUP(A7,'Indicadores Financeiros'!$A$114:$J$118,8,FALSE) -> 0.0526 | Q7: =ROUND(G7*ROUND(O7*(1+P7),2),2) -> 0 | R7: =Q7-'Tabela de Códigos e Valores'!AE14 -> 0
A8: 5 | B8: 5 | C8: =VLOOKUP(A8,'Indicadores Financeiros'!$A$114:$F$118,2,FALSE) -> São Paulo - Fórum Criminal - Complexo Judiciário Ministro Mário Guimarães | D8: 551200 | E8: =VLOOKUP(D8,'Tabela de Códigos e Valores'!$A$5:$B$15,2,FALSE) -> Auxiliar Técnico em Refrigeração - Hora Extra Domingos e Feriados | F8: =VLOOKUP(D8,'Tabela de Códigos e Valores'!$A$5:$E$15,5,FALSE) -> Hora Extra | H8: =ROUND(VLOOKUP(B8,'Indicadores Financeiros'!$A$84:$J$88,10,FALSE)/220,2) -> 0 | I8: =ROUND('Indicadores Financeiros'!$H$80*H8,2) -> 0 | J8: =ROUND(H8+I8,2) -> 0 | K8: =ROUND(J8*'Indicadores Financeiros'!$J$64,2) -> 0 | L8: =IF(OR(D8=551195,D8=551198),0,ROUND('Indicadores Financeiros'!$J$101/6,2)) -> 0 | M8: =IF(OR(D8=551195,D8=551198),0,ROUND(VLOOKUP(A8,'Indicadores Financeiros'!$A$114:$J$118,9,FALSE)/8,2)) -> 0 | O8: =ROUND(SUM(J8:N8),2) -> 0 | P8: =VLOOKUP(A8,'Indicadores Financeiros'!$A$114:$J$118,8,FALSE) -> 0.0526 | Q8: =ROUND(G8*ROUND(O8*(1+P8),2),2) -> 0 | R8: =Q8-'Tabela de Códigos e Valores'!AE15 -> 0
A9: 15 | B9: 2 | C9: =VLOOKUP(A9,'Indicadores Financeiros'!$A$114:$F$118,2,FALSE) -> São Paulo - Unidade Administrativa I - Praça do Patriarca | D9: 551196 | E9: =VLOOKUP(D9,'Tabela de Códigos e Valores'!$A$5:$B$15,2,FALSE) -> Técnico em Refrigeração Mecânico - Hora Extra Sábado | F9: =VLOOKUP(D9,'Tabela de Códigos e Valores'!$A$5:$E$15,5,FALSE) -> Hora Extra | H9: =ROUND(VLOOKUP(B9,'Indicadores Financeiros'!$A$84:$J$88,10,FALSE)/220,2) -> 0 | I9: =ROUND('Indicadores Financeiros'!$H$79*H9,2) -> 0 | J9: =ROUND(H9+I9,2) -> 0 | K9: =ROUND(J9*'Indicadores Financeiros'!$J$64,2) -> 0 | L9: =IF(OR(D9=551195,D9=551198),0,ROUND('Indicadores Financeiros'!$J$101/6,2)) -> 0 | M9: =IF(OR(D9=551195,D9=551198),0,ROUND(VLOOKUP(A9,'Indicadores Financeiros'!$A$114:$J$118,9,FALSE)/8,2)) -> 0 | O9: =ROUND(SUM(J9:N9),2) -> 0 | P9: =VLOOKUP(A9,'Indicadores Financeiros'!$A$114:$J$118,8,FALSE) -> 0.0526 | Q9: =ROUND(G9*ROUND(O9*(1+P9),2),2) -> 0 | R9: =Q9-'Tabela de Códigos e Valores'!AE11 -> 0

Sheet Custo  Resumido
A1: QUADRO RESUMO
A2: Código | B2: Função | F2: Unidade | G2: Periodicidade | H2: Quantidade | I2: Remuneração Mensal * | J2: Valor Total Mensal | K2: Valor Total
A3: 551188 | B3: =VLOOKUP(A3,'Tabela de Códigos e Valores'!A:B,2,FALSE) -> Supervisor geral especializado em refrigeração, controle e administração | F3: =VLOOKUP($A3,'Tabela de Códigos e Valores'!$A:$J,5,FALSE) -> Posto | G3: =VLOOKUP($A3,'Tabela de Códigos e Valores'!$A:$J,6,FALSE) -> Mensal | H3: =SUMIF('Relatório Custo'!$C:$C,$A3,'Relatório Custo'!$J:$J) -> 1 | I3: =SUMIF('Relatório Custo'!$C:$C,$A3,'Relatório Custo'!$V:$V) -> 0 | J3: =SUMIF('Relatório Custo'!$C:$C,$A3,'Relatório Custo'!$S:$S) -> 0 | K3: =SUMIF('Relatório Custo'!$C:$C,$A3,'Relatório Custo'!$T:$T) -> 0
A4: 551189 | B4: =VLOOKUP(A4,'Tabela de Códigos e Valores'!A:B,2,FALSE) -> Técnico mecânico especializado em Refrigeração | F4: =VLOOKUP($A4,'Tabela de Códigos e Valores'!$A:$J,5,FALSE) -> Posto | G4: =VLOOKUP($A4,'Tabela de Códigos e Valores'!$A:$J,6,FALSE) -> Mensal | H4: =SUMIF('Relatório Custo'!$C:$C,$A4,'Relatório Custo'!$J:$J) -> 9 | I4: =SUMIF('Relatório Custo'!$C:$C,$A4,'Relatório Custo'!$V:$V) -> 0 | J4: =SUMIF('Relatório Custo'!$C:$C,$A4,'Relatório Custo'!$S:$S) -> 0 | K4: =SUMIF('Relatório Custo'!$C:$C,$A4,'Relatório Custo'!$T:$T) -> 0
A5: 551190 | B5: =VLOOKUP(A5,'Tabela de Códigos e Valores'!A:B,2,FALSE) -> Operador | F5: =VLOOKUP($A5,'Tabela de Códigos e Valores'!$A:$J,5,FALSE) -> Posto | G5: =VLOOKUP($A5,'Tabela de Códigos e Valores'!$A:$J,6,FALSE) -> Mensal | H5: =SUMIF('Relatório Custo'!$C:$C,$A5,'Relatório Custo'!$J:$J) -> 2 | I5: =SUMIF('Relatório Custo'!$C:$C,$A5,'Relatório Custo'!$V:$V) -> 0 | J5: =SUMIF('Relatório Custo'!$C:$C,$A5,'Relatório Custo'!$S:$S) -> 0 | K5: =SUMIF('Relatório Custo'!$C:$C,$A5,'Relatório Custo'!$T:$T) -> 0
A6: 551191 | B6: =VLOOKUP(A6,'Tabela de Códigos e Valores'!A:B,2,FALSE) -> Auxiliar Técnico especializado em Refrigeração | F6: =VLOOKUP($A6,'Tabela de Códigos e Valores'!$A:$J,5,FALSE) -> Posto | G6: =VLOOKUP($A6,'Tabela de Códigos e Valores'!$A:$J,6,FALSE) -> Mensal | H6: =SUMIF('Relatório Custo'!$C:$C,$A6,'Relatório Custo'!$J:$J) -> 4 | I6: =SUMIF('Relatório Custo'!$C:$C,$A6,'Relatório Custo'!$V:$V) -> 0 | J6: =SUMIF('Relatório Custo'!$C:$C,$A6,'Relatório Custo'!$S:$S) -> 0 | K6: =SUMIF('Relatório Custo'!$C:$C,$A6,'Relatório Custo'!$T:$T) -> 0
A7: 551192 | B7: =VLOOKUP(A7,'Tabela de Códigos e Valores'!A:B,2,FALSE) -> Técnico Elétrico/ Eletrônico/ Eletrotécnico, especializado em refrigeração | F7: =VLOOKUP($A7,'Tabela de Códigos e Valores'!$A:$J,5,FALSE) -> Posto | G7: =VLOOKUP($A7,'Tabela de Códigos e Valores'!$A:$J,6,FALSE) -> Mensal | H7: =SUMIF('Relatório Custo'!$C:$C,$A7,'Relatório Custo'!$J:$J) -> 5 | I7: =SUMIF('Relatório Custo'!$C:$C,$A7,'Relatório Custo'!$V:$V) -> 0 | J7: =SUMIF('Relatório Custo'!$C:$C,$A7,'Relatório Custo'!$S:$S) -> 0 | K7: =SUMIF('Relatório Custo'!$C:$C,$A7,'Relatório Custo'!$T:$T) -> 0
A8: 551195 | B8: =VLOOKUP(A8,'Tabela de Códigos e Valores'!A:B,2,FALSE) -> Técnico em Refrigeração Mecânico - Hora Extra Noturna | F8: =VLOOKUP($A8,'Tabela de Códigos e Valores'!$A:$J,5,FALSE) -> Hora Extra | G8: =VLOOKUP($A8,'Tabela de Códigos e Valores'!$A:$J,6,FALSE) -> Mensal | H8: =SUMIF('Relatório Custo'!$C:$C,$A8,'Relatório Custo'!$J:$J) -> 20 | I8: =SUMIF('Relatório Custo'!$C:$C,$A8,'Relatório Custo'!$V:$V) -> 0 | J8: =SUMIF('Relatório Custo'!$C:$C,$A8,'Relatório Custo'!$S:$S) -> 0 | K8: =SUMIF('Relatório Custo'!$C:$C,$A8,'Relatório Custo'!$T:$T) -> 0
A9: 551196 | B9: =VLOOKUP(A9,'Tabela de Códigos e Valores'!A:B,2,FALSE) -> Técnico em Refrigeração Mecânico - Hora Extra Sábado | F9: =VLOOKUP($A9,'Tabela de Códigos e Valores'!$A:$J,5,FALSE) -> Hora Extra | G9: =VLOOKUP($A9,'Tabela de Códigos e Valores'!$A:$J,6,FALSE) -> Mensal | H9: =SUMIF('Relatório Custo'!$C:$C,$A9,'Relatório Custo'!$J:$J) -> 50 | I9: =SUMIF('Relatório Custo'!$C:$C,$A9,'Relatório Custo'!$V:$V) -> 0 | J9: =SUMIF('Relatório Custo'!$C:$C,$A9,'Relatório Custo'!$S:$S) -> 0 | K9: =SUMIF('Relatório Custo'!$C:$C,$A9,'Relatório Custo'!$T:$T) -> 0
A10: 551197 | B10: =VLOOKUP(A10,'Tabela de Códigos e Valores'!A:B,2,FALSE) -> Técnico em Refrigeração Mecânico - Hora Extra Domingo e Feriado | F10: =VLOOKUP($A10,'Tabela de Códigos e Valores'!$A:$J,5,FALSE) -> Hora Extra | G10: =VLOOKUP($A10,'Tabela de Códigos e Valores'!$A:$J,6,FALSE) -> Mensal | H10: =SUMIF('Relatório Custo'!$C:$C,$A10,'Relatório Custo'!$J:$J) -> 8 | I10: =SUMIF('Relatório Custo'!$C:$C,$A10,'Relatório Custo'!$V:$V) -> 0 | J10: =SUMIF('Relatório Custo'!$C:$C,$A10,'Relatório Custo'!$S:$S) -> 0 | K10: =SUMIF('Relatório Custo'!$C:$C,$A10,'Relatório Custo'!$T:$T) -> 0
A11: 551198 | B11: =VLOOKUP(A11,'Tabela de Códigos e Valores'!A:B,2,FALSE) -> Auxiliar Técnico em Refrigeração - Hora Extra Noturna | F11: =VLOOKUP($A11,'Tabela de Códigos e Valores'!$A:$J,5,FALSE) -> Hora Extra | G11: =VLOOKUP($A11,'Tabela de Códigos e Valores'!$A:$J,6,FALSE) -> Mensal | H11: =SUMIF('Relatório Custo'!$C:$C,$A11,'Relatório Custo'!$J:$J) -> 20 | I11: =SUMIF('Relatório Custo'!$C:$C,$A11,'Relatório Custo'!$V:$V) -> 0 | J11: =SUMIF('Relatório Custo'!$C:$C,$A11,'Relatório Custo'!$S:$S) -> 0 | K11: =SUMIF('Relatório Custo'!$C:$C,$A11,'Relatório Custo'!$T:$T) -> 0
A12: 551199 | B12: =VLOOKUP(A12,'Tabela de Códigos e Valores'!A:B,2,FALSE) -> Auxiliar Técnico em Refrigeração - Hora Extra Sábado | F12: =VLOOKUP($A12,'Tabela de Códigos e Valores'!$A:$J,5,FALSE) -> Hora Extra | G12: =VLOOKUP($A12,'Tabela de Códigos e Valores'!$A:$J,6,FALSE) -> Mensal | H12: =SUMIF('Relatório Custo'!$C:$C,$A12,'Relatório Custo'!$J:$J) -> 8 | I12: =SUMIF('Relatório Custo'!$C:$C,$A12,'Relatório Custo'!$V:$V) -> 0 | J12: =SUMIF('Relatório Custo'!$C:$C,$A12,'Relatório Custo'!$S:$S) -> 0 | K12: =SUMIF('Relatório Custo'!$C:$C,$A12,'Relatório Custo'!$T:$T) -> 0
A13: 551200 | B13: =VLOOKUP(A13,'Tabela de Códigos e Valores'!A:B,2,FALSE) -> Auxiliar Técnico em Refrigeração - Hora Extra Domingos e Feriados | F13: =VLOOKUP($A13,'Tabela de Códigos e Valores'!$A:$J,5,FALSE) -> Hora Extra | G13: =VLOOKUP($A13,'Tabela de Códigos e Valores'!$A:$J,6,FALSE) -> Mensal | H13: =SUMIF('Relatório Custo'!$C:$C,$A13,'Relatório Custo'!$J:$J) -> 8 | I13: =SUMIF('Relatório Custo'!$C:$C,$A13,'Relatório Custo'!$V:$V) -> 0 | J13: =SUMIF('Relatório Custo'!$C:$C,$A13,'Relatório Custo'!$S:$S) -> 0 | K13: =SUMIF('Relatório Custo'!$C:$C,$A13,'Relatório Custo'!$T:$T) -> 0
H14: TOTAL | I14: =SUBTOTAL(9,I3:I13) -> 0 | J14: =SUBTOTAL(9,J3:J13) -> 0 | K14: =SUBTOTAL(9,K3:K13) -> 0
A15: * Remuneração mensal para cálculo do contingenciamento de encargos trabalhistas
A16: PERCENTUAIS DE CONTIGENCIAMENTO MENSAL DE ENCARGOS TRABALHISTAS
A17: A | B17: Total da Mão de Obra (remuneração Mensal) | K17: =$I$14 -> 0
A18: B | B18: 13º Salário | J18: ='Indicadores Financeiros'!$J$28 -> 0.0893
A19: C | B19: Férias | J19: ='Indicadores Financeiros'!$J$56 -> 0.0893
A20: D | B20: Abono de Férias | J20: ='Indicadores Financeiros'!$J$29 -> 0.0298
A21: E | B21: Incidência de encargos trabalhistas: percentual total do Módulo I s/ os itens A,B, C e D | H21: Percentual | I21: ='Indicadores Financeiros'!$J$25 -> 0.338 | J21: =ROUND(I21*SUM(J18:J20),4) -> 0.0704
A22: F | B22: Multa FGTS | J22: ='Indicadores Financeiros'!$J$53 -> 0.0348
A23: Valor total mensal a contingenciar | J23: =ROUND(SUM(J18:J22),4) -> 0.3136 | K23: =ROUND($K$17*$J$23,2) -> 0
A25: CRONOGRAMA FÍSICO FINANCEIRO
A26: Mês | C26: Valor | H26: Total Mensal Remuneração | J26: Total Mensal Contingenciamento
A28: 1 | C28: =IF(A28<='Indicadores Financeiros'!$F$14,SUMIF('Relatório Custo'!$F:$F,"<="&$A28,'Relatório Custo'!$S:$S),0) -> 0 | H28: =IF(A28<='Indicadores Financeiros'!$F$14,SUMIF('Relatório Custo'!$F:$F,"<="&$A28,'Relatório Custo'!$V:$V),0) -> 0 | J28: =IF(A28<='Indicadores Financeiros'!$F$14,SUMIF('Relatório Custo'!$F:$F,"<="&$A28,'Relatório Custo'!$W:$W),0) -> 0
A29: 2 | C29: =IF(A29<='Indicadores Financeiros'!$F$14,SUMIF('Relatório Custo'!$F:$F,"<="&$A29,'Relatório Custo'!$S:$S),0) -> 0 | H29: =IF(A29<='Indicadores Financeiros'!$F$14,SUMIF('Relatório Custo'!$F:$F,"<="&$A29,'Relatório Custo'!$V:$V),0) -> 0 | J29: =IF(A29<='Indicadores Financeiros'!$F$14,SUMIF('Relatório Custo'!$F:$F,"<="&$A29,'Relatório Custo'!$W:$W),0) -> 0
A30: 3 | C30: =IF(A30<='Indicadores Financeiros'!$F$14,SUMIF('Relatório Custo'!$F:$F,"<="&$A30,'Relatório Custo'!$S:$S),0) -> 0 | H30: =IF(A30<='Indicadores Financeiros'!$F$14,SUMIF('Relatório Custo'!$F:$F,"<="&$A30,'Relatório Custo'!$V:$V),0) -> 0 | J30: =IF(A30<='Indicadores Financeiros'!$F$14,SUMIF('Relatório Custo'!$F:$F,"<="&$A30,'Relatório Custo'!$W:$W),0) -> 0
A31: 4 | C31: =IF(A31<='Indicadores Financeiros'!$F$14,SUMIF('Relatório Custo'!$F:$F,"<="&$A31,'Relatório Custo'!$S:$S),0) -> 0 | H31: =IF(A31<='Indicadores Financeiros'!$F$14,SUMIF('Relatório Custo'!$F:$F,"<="&$A31,'Relatório Custo'!$V:$V),0) -> 0 | J31: =IF(A31<='Indicadores Financeiros'!$F$14,SUMIF('Relatório Custo'!$F:$F,"<="&$A31,'Relatório Custo'!$W:$W),0) -> 0
A32: 5 | C32: =IF(A32<='Indicadores Financeiros'!$F$14,SUMIF('Relatório Custo'!$F:$F,"<="&$A32,'Relatório Custo'!$S:$S),0) -> 0 | H32: =IF(A32<='Indicadores Financeiros'!$F$14,SUMIF('Relatório Custo'!$F:$F,"<="&$A32,'Relatório Custo'!$V:$V),0) -> 0 | J32: =IF(A32<='Indicadores Financeiros'!$F$14,SUMIF('Relatório Custo'!$F:$F,"<="&$A32,'Relatório Custo'!$W:$W),0) -> 0
A33: 6 | C33: =IF(A33<='Indicadores Financeiros'!$F$14,SUMIF('Relatório Custo'!$F:$F,"<="&$A33,'Relatório Custo'!$S:$S),0) -> 0 | H33: =IF(A33<='Indicadores Financeiros'!$F$14,SUMIF('Relatório Custo'!$F:$F,"<="&$A33,'Relatório Custo'!$V:$V),0) -> 0 | J33: =IF(A33<='Indicadores Financeiros'!$F$14,SUMIF('Relatório Custo'!$F:$F,"<="&$A33,'Relatório Custo'!$W:$W),0) -> 0
A34: 7 | C34: =IF(A34<='Indicadores Financeiros'!$F$14,SUMIF('Relatório Custo'!$F:$F,"<="&$A34,'Relatório Custo'!$S:$S),0) -> 0 | H34: =IF(A34<='Indicadores Financeiros'!$F$14,SUMIF('Relatório Custo'!$F:$F,"<="&$A34,'Relatório Custo'!$V:$V),0) -> 0 | J34: =IF(A34<='Indicadores Financeiros'!$F$14,SUMIF('Relatório Custo'!$F:$F,"<="&$A34,'Relatório Custo'!$W:$W),0) -> 0
A35: 8 | C35: =IF(A35<='Indicadores Financeiros'!$F$14,SUMIF('Relatório Custo'!$F:$F,"<="&$A35,'Relatório Custo'!$S:$S),0) -> 0 | H35: =IF(A35<='Indicadores Financeiros'!$F$14,SUMIF('Relatório Custo'!$F:$F,"<="&$A35,'Relatório Custo'!$V:$V),0) -> 0 | J35: =IF(A35<='Indicadores Financeiros'!$F$14,SUMIF('Relatório Custo'!$F:$F,"<="&$A35,'Relatório Custo'!$W:$W),0) -> 0
A36: 9 | C36: =IF(A36<='Indicadores Financeiros'!$F$14,SUMIF('Relatório Custo'!$F:$F,"<="&$A36,'Relatório Custo'!$S:$S),0) -> 0 | H36: =IF(A36<='Indicadores Financeiros'!$F$14,SUMIF('Relatório Custo'!$F:$F,"<="&$A36,'Relatório Custo'!$V:$V),0) -> 0 | J36: =IF(A36<='Indicadores Financeiros'!$F$14,SUMIF('Relatório Custo'!$F:$F,"<="&$A36,'Relatório Custo'!$W:$W),0) -> 0
A37: 10 | C37: =IF(A37<='Indicadores Financeiros'!$F$14,SUMIF('Relatório Custo'!$F:$F,"<="&$A37,'Relatório Custo'!$S:$S),0) -> 0 | H37: =IF(A37<='Indicadores Financeiros'!$F$14,SUMIF('Relatório Custo'!$F:$F,"<="&$A37,'Relatório Custo'!$V:$V),0) -> 0 | J37: =IF(A37<='Indicadores Financeiros'!$F$14,SUMIF('Relatório Custo'!$F:$F,"<="&$A37,'Relatório Custo'!$W:$W),0) -> 0
A38: 11 | C38: =IF(A38<='Indicadores Financeiros'!$F$14,SUMIF('Relatório Custo'!$F:$F,"<="&$A38,'Relatório Custo'!$S:$S),0) -> 0 | H38: =IF(A38<='Indicadores Financeiros'!$F$14,SUMIF('Relatório Custo'!$F:$F,"<="&$A38,'Relatório Custo'!$V:$V),0) -> 0 | J38: =IF(A38<='Indicadores Financeiros'!$F$14,SUMIF('Relatório Custo'!$F:$F,"<="&$A38,'Relatório Custo'!$W:$W),0) -> 0
A39: 12 | C39: =IF(A39<='Indicadores Financeiros'!$F$14,SUMIF('Relatório Custo'!$F:$F,"<="&$A39,'Relatório Custo'!$S:$S),0) -> 0 | H39: =IF(A39<='Indicadores Financeiros'!$F$14,SUMIF('Relatório Custo'!$F:$F,"<="&$A39,'Relatório Custo'!$V:$V),0) -> 0 | J39: =IF(A39<='Indicadores Financeiros'!$F$14,SUMIF('Relatório Custo'!$F:$F,"<="&$A39,'Relatório Custo'!$W:$W),0) -> 0
... A57: 30 | C57: =IF(A57<='Indicadores Financeiros'!$F$14,SUMIF('Relatório Custo'!$F:$F,"<="&$A57,'Relatório Custo'!$S:$S),0) -> 0 | H57: =IF(A57<='Indicadores Financeiros'!$F$14,SUMIF('Relatório Custo'!$F:$F,"<="&$A57,'Relatório Custo'!$V:$V),0) -> 0 | J57: =IF(A57<='Indicadores Financeiros'!$F$14,SUMIF('Relatório Custo'!$F:$F,"<="&$A57,'Relatório Custo'!$W:$W),0) -> 0
A58: Total Geral | C58: =ROUND(SUM(C28:G57),2) -> 0 | H58: =ROUND(SUM(H28:I57),2) -> 0 | J58: =ROUND(SUM(J28:K57),2) -> 0
G59: =C58-K14 -> 0

Sheet Custo  Resumido por local
B1: Localidade: | C1: São Paulo - Fórum Criminal - Complexo Judiciário Ministro Mário Guimarães
A3: QUADRO RESUMO
A4: Código | B4: Função | F4: Unidade | G4: Periodicidade | H4: Quantidade | I4: Remuneração Mensal * | J4: Valor Mensal | K4: Valor Total
A5: 551188 | B5: =VLOOKUP(A5,'Tabela de Códigos e Valores'!A:B,2,FALSE) -> Supervisor geral especializado em refrigeração, controle e administração | F5: =VLOOKUP($A5,'Tabela de Códigos e Valores'!$A:$N,5,FALSE) -> Posto | G5: =VLOOKUP($A5,'Tabela de Códigos e Valores'!$A:$N,6,FALSE) -> Mensal | H5: =SUMIFS('Relatório Custo'!$J:$J,'Relatório Custo'!$C:$C,$A5,'Relatório Custo'!$B:$B,'Custo Resumido por local'!$C$1) -> 1 | I5: =IF(F5="Posto",SUMIFS('Relatório Custo'!$V:$V,'Relatório Custo'!$C:$C,$A5,'Relatório Custo'!$B:$B,'Custo Resumido por local'!$C$1),0) -> 0 | J5: =SUMIFS('Relatório Custo'!$S:$S,'Relatório Custo'!$C:$C,$A5,'Relatório Custo'!$B:$B,'Custo Resumido por local'!$C$1) -> 0 | K5: =SUMIFS('Relatório Custo'!$T:$T,'Relatório Custo'!$C:$C,$A5,'Relatório Custo'!$B:$B,'Custo Resumido por local'!$C$1) -> 0
A6: 551189 | B6: =VLOOKUP(A6,'Tabela de Códigos e Valores'!A:B,2,FALSE) -> Técnico mecânico especializado em Refrigeração | F6: =VLOOKUP($A6,'Tabela de Códigos e Valores'!$A:$N,5,FALSE) -> Posto | G6: =VLOOKUP($A6,'Tabela de Códigos e Valores'!$A:$N,6,FALSE) -> Mensal | H6: =SUMIFS('Relatório Custo'!$J:$J,'Relatório Custo'!$C:$C,$A6,'Relatório Custo'!$B:$B,'Custo Resumido por local'!$C$1) -> 2 | I6: =IF(F6="Posto",SUMIFS('Relatório Custo'!$V:$V,'Relatório Custo'!$C:$C,$A6,'Relatório Custo'!$B:$B,'Custo Resumido por local'!$C$1),0) -> 0 | J6: =SUMIFS('Relatório Custo'!$S:$S,'Relatório Custo'!$C:$C,$A6,'Relatório Custo'!$B:$B,'Custo Resumido por local'!$C$1) -> 0 | K6: =SUMIFS('Relatório Custo'!$T:$T,'Relatório Custo'!$C:$C,$A6,'Relatório Custo'!$B:$B,'Custo Resumido por local'!$C$1) -> 0
A7: 551190 | B7: =VLOOKUP(A7,'Tabela de Códigos e Valores'!A:B,2,FALSE) -> Operador | F7: =VLOOKUP($A7,'Tabela de Códigos e Valores'!$A:$N,5,FALSE) -> Posto | G7: =VLOOKUP($A7,'Tabela de Códigos e Valores'!$A:$N,6,FALSE) -> Mensal | H7: =SUMIFS('Relatório Custo'!$J:$J,'Relatório Custo'!$C:$C,$A7,'Relatório Custo'!$B:$B,'Custo Resumido por local'!$C$1) -> 2 | I7: =IF(F7="Posto",SUMIFS('Relatório Custo'!$V:$V,'Relatório Custo'!$C:$C,$A7,'Relatório Custo'!$B:$B,'Custo Resumido por local'!$C$1),0) -> 0 | J7: =SUMIFS('Relatório Custo'!$S:$S,'Relatório Custo'!$C:$C,$A7,'Relatório Custo'!$B:$B,'Custo Resumido por local'!$C$1) -> 0 | K7: =SUMIFS('Relatório Custo'!$T:$T,'Relatório Custo'!$C:$C,$A7,'Relatório Custo'!$B:$B,'Custo Resumido por local'!$C$1) -> 0
A8: 551191 | B8: =VLOOKUP(A8,'Tabela de Códigos e Valores'!A:B,2,FALSE) -> Auxiliar Técnico especializado em Refrigeração | F8: =VLOOKUP($A8,'Tabela de Códigos e Valores'!$A:$N,5,FALSE) -> Posto | G8: =VLOOKUP($A8,'Tabela de Códigos e Valores'!$A:$N,6,FALSE) -> Mensal | H8: =SUMIFS('Relatório Custo'!$J:$J,'Relatório Custo'!$C:$C,$A8,'Relatório Custo'!$B:$B,'Custo Resumido por local'!$C$1) -> 2 | I8: =IF(F8="Posto",SUMIFS('Relatório Custo'!$V:$V,'Relatório Custo'!$C:$C,$A8,'Relatório Custo'!$B:$B,'Custo Resumido por local'!$C$1),0) -> 0 | J8: =SUMIFS('Relatório Custo'!$S:$S,'Relatório Custo'!$C:$C,$A8,'Relatório Custo'!$B:$B,'Custo Resumido por local'!$C$1) -> 0 | K8: =SUMIFS('Relatório Custo'!$T:$T,'Relatório Custo'!$C:$C,$A8,'Relatório Custo'!$B:$B,'Custo Resumido por local'!$C$1) -> 0
A9: 551192 | B9: =VLOOKUP(A9,'Tabela de Códigos e Valores'!A:B,2,FALSE) -> Técnico Elétrico/ Eletrônico/ Eletrotécnico, especializado em refrigeração | F9: =VLOOKUP($A9,'Tabela de Códigos e Valores'!$A:$N,5,FALSE) -> Posto | G9: =VLOOKUP($A9,'Tabela de Códigos e Valores'!$A:$N,6,FALSE) -> Mensal | H9: =SUMIFS('Relatório Custo'!$J:$J,'Relatório Custo'!$C:$C,$A9,'Relatório Custo'!$B:$B,'Custo Resumido por local'!$C$1) -> 2 | I9: =IF(F9="Posto",SUMIFS('Relatório Custo'!$V:$V,'Relatório Custo'!$C:$C,$A9,'Relatório Custo'!$B:$B,'Custo Resumido por local'!$C$1),0) -> 0 | J9: =SUMIFS('Relatório Custo'!$S:$S,'Relatório Custo'!$C:$C,$A9,'Relatório Custo'!$B:$B,'Custo Resumido por local'!$C$1) -> 0 | K9: =SUMIFS('Relatório Custo'!$T:$T,'Relatório Custo'!$C:$C,$A9,'Relatório Custo'!$B:$B,'Custo Resumido por local'!$C$1) -> 0
A10: 551195 | B10: =VLOOKUP(A10,'Tabela de Códigos e Valores'!A:B,2,FALSE) -> Técnico em Refrigeração Mecânico - Hora Extra Noturna | F10: =VLOOKUP($A10,'Tabela de Códigos e Valores'!$A:$N,5,FALSE) -> Hora Extra | G10: =VLOOKUP($A10,'Tabela de Códigos e Valores'!$A:$N,6,FALSE) -> Mensal | H10: =SUMIFS('Relatório Custo'!$J:$J,'Relatório Custo'!$C:$C,$A10,'Relatório Custo'!$B:$B,'Custo Resumido por local'!$C$1) -> 20 | I10: =IF(F10="Posto",SUMIFS('Relatório Custo'!$V:$V,'Relatório Custo'!$C:$C,$A10,'Relatório Custo'!$B:$B,'Custo Resumido por local'!$C$1),0) -> 0 | J10: =SUMIFS('Relatório Custo'!$S:$S,'Relatório Custo'!$C:$C,$A10,'Relatório Custo'!$B:$B,'Custo Resumido por local'!$C$1) -> 0 | K10: =SUMIFS('Relatório Custo'!$T:$T,'Relatório Custo'!$C:$C,$A10,'Relatório Custo'!$B:$B,'Custo Resumido por local'!$C$1) -> 0
A11: 551196 | B11: =VLOOKUP(A11,'Tabela de Códigos e Valores'!A:B,2,FALSE) -> Técnico em Refrigeração Mecânico - Hora Extra Sábado | F11: =VLOOKUP($A11,'Tabela de Códigos e Valores'!$A:$N,5,FALSE) -> Hora Extra | G11: =VLOOKUP($A11,'Tabela de Códigos e Valores'!$A:$N,6,FALSE) -> Mensal | H11: =SUMIFS('Relatório Custo'!$J:$J,'Relatório Custo'!$C:$C,$A11,'Relatório Custo'!$B:$B,'Custo Resumido por local'!$C$1) -> 8 | I11: =IF(F11="Posto",SUMIFS('Relatório Custo'!$V:$V,'Relatório Custo'!$C:$C,$A11,'Relatório Custo'!$B:$B,'Custo Resumido por local'!$C$1),0) -> 0 | J11: =SUMIFS('Relatório Custo'!$S:$S,'Relatório Custo'!$C:$C,$A11,'Relatório Custo'!$B:$B,'Custo Resumido por local'!$C$1) -> 0 | K11: =SUMIFS('Relatório Custo'!$T:$T,'Relatório Custo'!$C:$C,$A11,'Relatório Custo'!$B:$B,'Custo Resumido por local'!$C$1) -> 0
A12: 551197 | B12: =VLOOKUP(A12,'Tabela de Códigos e Valores'!A:B,2,FALSE) -> Técnico em Refrigeração Mecânico - Hora Extra Domingo e Feriado | F12: =VLOOKUP($A12,'Tabela de Códigos e Valores'!$A:$N,5,FALSE) -> Hora Extra | G12: =VLOOKUP($A12,'Tabela de Códigos e Valores'!$A:$N,6,FALSE) -> Mensal | H12: =SUMIFS('Relatório Custo'!$J:$J,'Relatório Custo'!$C:$C,$A12,'Relatório Custo'!$B:$B,'Custo Resumido por local'!$C$1) -> 8 | I12: =IF(F12="Posto",SUMIFS('Relatório Custo'!$V:$V,'Relatório Custo'!$C:$C,$A12,'Relatório Custo'!$B:$B,'Custo Resumido por local'!$C$1),0) -> 0 | J12: =SUMIFS('Relatório Custo'!$S:$S,'Relatório Custo'!$C:$C,$A12,'Relatório Custo'!$B:$B,'Custo Resumido por local'!$C$1) -> 0 | K12: =SUMIFS('Relatório Custo'!$T:$T,'Relatório Custo'!$C:$C,$A12,'Relatório Custo'!$B:$B,'Custo Resumido por local'!$C$1) -> 0
A13: 551198 | B13: =VLOOKUP(A13,'Tabela de Códigos e Valores'!A:B,2,FALSE) -> Auxiliar Técnico em Refrigeração - Hora Extra Noturna | F13: =VLOOKUP($A13,'Tabela de Códigos e Valores'!$A:$N,5,FALSE) -> Hora Extra | G13: =VLOOKUP($A13,'Tabela de Códigos e Valores'!$A:$N,6,FALSE) -> Mensal | H13: =SUMIFS('Relatório Custo'!$J:$J,'Relatório Custo'!$C:$C,$A13,'Relatório Custo'!$B:$B,'Custo Resumido por local'!$C$1) -> 20 | I13: =IF(F13="Posto",SUMIFS('Relatório Custo'!$V:$V,'Relatório Custo'!$C:$C,$A13,'Relatório Custo'!$B:$B,'Custo Resumido por local'!$C$1),0) -> 0 | J13: =SUMIFS('Relatório Custo'!$S:$S,'Relatório Custo'!$C:$C,$A13,'Relatório Custo'!$B:$B,'Custo Resumido por local'!$C$1) -> 0 | K13: =SUMIFS('Relatório Custo'!$T:$T,'Relatório Custo'!$C:$C,$A13,'Relatório Custo'!$B:$B,'Custo Resumido por local'!$C$1) -> 0
A14: 551199 | B14: =VLOOKUP(A14,'Tabela de Códigos e Valores'!A:B,2,FALSE) -> Auxiliar Técnico em Refrigeração - Hora Extra Sábado | F14: =VLOOKUP($A14,'Tabela de Códigos e Valores'!$A:$N,5,FALSE) -> Hora Extra | G14: =VLOOKUP($A14,'Tabela de Códigos e Valores'!$A:$N,6,FALSE) -> Mensal | H14: =SUMIFS('Relatório Custo'!$J:$J,'Relatório Custo'!$C:$C,$A14,'Relatório Custo'!$B:$B,'Custo Resumido por local'!$C$1) -> 8 | I14: =IF(F14="Posto",SUMIFS('Relatório Custo'!$V:$V,'Relatório Custo'!$C:$C,$A14,'Relatório Custo'!$B:$B,'Custo Resumido por local'!$C$1),0) -> 0 | J14: =SUMIFS('Relatório Custo'!$S:$S,'Relatório Custo'!$C:$C,$A14,'Relatório Custo'!$B:$B,'Custo Resumido por local'!$C$1) -> 0 | K14: =SUMIFS('Relatório Custo'!$T:$T,'Relatório Custo'!$C:$C,$A14,'Relatório Custo'!$B:$B,'Custo Resumido por local'!$C$1) -> 0
A15: 551200 | B15: =VLOOKUP(A15,'Tabela de Códigos e Valores'!A:B,2,FALSE) -> Auxiliar Técnico em Refrigeração - Hora Extra Domingos e Feriados | F15: =VLOOKUP($A15,'Tabela de Códigos e Valores'!$A:$N,5,FALSE) -> Hora Extra | G15: =VLOOKUP($A15,'Tabela de Códigos e Valores'!$A:$N,6,FALSE) -> Mensal | H15: =SUMIFS('Relatório Custo'!$J:$J,'Relatório Custo'!$C:$C,$A15,'Relatório Custo'!$B:$B,'Custo Resumido por local'!$C$1) -> 8 | I15: =IF(F15="Posto",SUMIFS('Relatório Custo'!$V:$V,'Relatório Custo'!$C:$C,$A15,'Relatório Custo'!$B:$B,'Custo Resumido por local'!$C$1),0) -> 0 | J15: =SUMIFS('Relatório Custo'!$S:$S,'Relatório Custo'!$C:$C,$A15,'Relatório Custo'!$B:$B,'Custo Resumido por local'!$C$1) -> 0 | K15: =SUMIFS('Relatório Custo'!$T:$T,'Relatório Custo'!$C:$C,$A15,'Relatório Custo'!$B:$B,'Custo Resumido por local'!$C$1) -> 0
I16: =ROUND(SUBTOTAL(9,I5:I15),2) -> 0 | J16: =ROUND(SUBTOTAL(9,J5:J15),2) -> 0 | K16: =ROUND(SUBTOTAL(9,K5:K15),2) -> 0
A17: * Remuneração mensal para cálculo do contingenciamento de encargos trabalhistas
A18: PERCENTUAIS DE CONTIGENCIAMENTO MENSAL DE ENCARGOS TRABALHISTAS
A19: A | B19: Total da Mão de Obra (remuneração Mensal) | K19: =$I$16 -> 0
A20: B | B20: 13º Salário | J20: ='Indicadores Financeiros'!$J$28 -> 0.0893
A21: C | B21: Férias | J21: ='Indicadores Financeiros'!$J$56 -> 0.0893
A22: D | B22: Abono de Férias | J22: ='Indicadores Financeiros'!$J$29 -> 0.0298
A23: E | B23: Incidência de encargos trabalhistas: percentual total do Módulo I s/ os itens A,B, C e D | H23: Percentual | I23: ='Indicadores Financeiros'!$J$25 -> 0.338 | J23: =ROUND(I23*SUM(J20:J22),4) -> 0.0704
A24: F | B24: Multa FGTS | J24: ='Indicadores Financeiros'!$J$53 -> 0.0348
A25: Valor total mensal a contingenciar | J25: =ROUND(SUM(J20:J24),4) -> 0.3136 | K25: =ROUND($J$25*$K$19,2) -> 0
A27: CRONOGRAMA FÍSICO FINANCEIRO
A28: Mês | C28: Mensal | H28: Total Mensal Remuneração | J28: Total Mensal Contingenciamento
A30: 1 | C30: =IF(A30<='Indicadores Financeiros'!$F$14,SUMIFS('Relatório Custo'!$S:$S,'Relatório Custo'!$G:$G,'Custo Resumido por local'!$C$28,'Relatório Custo'!$F:$F,"<="&'Custo Resumido por local'!$A30,'Relatório Custo'!$B:$B,'Custo Resumido por local'!$C$1),0) -> 0 | H30: =IF(A30<='Indicadores Financeiros'!$F$14,SUMIFS('Relatório Custo'!$V:$V,'Relatório Custo'!$F:$F,"<="&'Custo Resumido por local'!$A30,'Relatório Custo'!$B:$B,'Custo Resumido por local'!$C$1),0) -> 0 | J30: =IF(A30<='Indicadores Financeiros'!$F$14,SUMIFS('Relatório Custo'!$W:$W,'Relatório Custo'!$F:$F,"<="&'Custo Resumido por local'!$A30,'Relatório Custo'!$B:$B,'Custo Resumido por local'!$C$1),0) -> 0
A31: 2 | C31: =IF(A31<='Indicadores Financeiros'!$F$14,SUMIFS('Relatório Custo'!$S:$S,'Relatório Custo'!$G:$G,'Custo Resumido por local'!$C$28,'Relatório Custo'!$F:$F,"<="&'Custo Resumido por local'!$A31,'Relatório Custo'!$B:$B,'Custo Resumido por local'!$C$1),0) -> 0 | H31: =IF(A31<='Indicadores Financeiros'!$F$14,SUMIFS('Relatório Custo'!$V:$V,'Relatório Custo'!$F:$F,"<="&'Custo Resumido por local'!$A31,'Relatório Custo'!$B:$B,'Custo Resumido por local'!$C$1),0) -> 0 | J31: =IF(A31<='Indicadores Financeiros'!$F$14,SUMIFS('Relatório Custo'!$W:$W,'Relatório Custo'!$F:$F,"<="&'Custo Resumido por local'!$A31,'Relatório Custo'!$B:$B,'Custo Resumido por local'!$C$1),0) -> 0
A32: 3 | C32: =IF(A32<='Indicadores Financeiros'!$F$14,SUMIFS('Relatório Custo'!$S:$S,'Relatório Custo'!$G:$G,'Custo Resumido por local'!$C$28,'Relatório Custo'!$F:$F,"<="&'Custo Resumido por local'!$A32,'Relatório Custo'!$B:$B,'Custo Resumido por local'!$C$1),0) -> 0 | H32: =IF(A32<='Indicadores Financeiros'!$F$14,SUMIFS('Relatório Custo'!$V:$V,'Relatório Custo'!$F:$F,"<="&'Custo Resumido por local'!$A32,'Relatório Custo'!$B:$B,'Custo Resumido por local'!$C$1),0) -> 0 | J32: =IF(A32<='Indicadores Financeiros'!$F$14,SUMIFS('Relatório Custo'!$W:$W,'Relatório Custo'!$F:$F,"<="&'Custo Resumido por local'!$A32,'Relatório Custo'!$B:$B,'Custo Resumido por local'!$C$1),0) -> 0
A33: 4 | C33: =IF(A33<='Indicadores Financeiros'!$F$14,SUMIFS('Relatório Custo'!$S:$S,'Relatório Custo'!$G:$G,'Custo Resumido por local'!$C$28,'Relatório Custo'!$F:$F,"<="&'Custo Resumido por local'!$A33,'Relatório Custo'!$B:$B,'Custo Resumido por local'!$C$1),0) -> 0 | H33: =IF(A33<='Indicadores Financeiros'!$F$14,SUMIFS('Relatório Custo'!$V:$V,'Relatório Custo'!$F:$F,"<="&'Custo Resumido por local'!$A33,'Relatório Custo'!$B:$B,'Custo Resumido por local'!$C$1),0) -> 0 | J33: =IF(A33<='Indicadores Financeiros'!$F$14,SUMIFS('Relatório Custo'!$W:$W,'Relatório Custo'!$F:$F,"<="&'Custo Resumido por local'!$A33,'Relatório Custo'!$B:$B,'Custo Resumido por local'!$C$1),0) -> 0
A34: 5 | C34: =IF(A34<='Indicadores Financeiros'!$F$14,SUMIFS('Relatório Custo'!$S:$S,'Relatório Custo'!$G:$G,'Custo Resumido por local'!$C$28,'Relatório Custo'!$F:$F,"<="&'Custo Resumido por local'!$A34,'Relatório Custo'!$B:$B,'Custo Resumido por local'!$C$1),0) -> 0 | H34: =IF(A34<='Indicadores Financeiros'!$F$14,SUMIFS('Relatório Custo'!$V:$V,'Relatório Custo'!$F:$F,"<="&'Custo Resumido por local'!$A34,'Relatório Custo'!$B:$B,'Custo Resumido por local'!$C$1),0) -> 0 | J34: =IF(A34<='Indicadores Financeiros'!$F$14,SUMIFS('Relatório Custo'!$W:$W,'Relatório Custo'!$F:$F,"<="&'Custo Resumido por local'!$A34,'Relatório Custo'!$B:$B,'Custo Resumido por local'!$C$1),0) -> 0
A35: 6 | C35: =IF(A35<='Indicadores Financeiros'!$F$14,SUMIFS('Relatório Custo'!$S:$S,'Relatório Custo'!$G:$G,'Custo Resumido por local'!$C$28,'Relatório Custo'!$F:$F,"<="&'Custo Resumido por local'!$A35,'Relatório Custo'!$B:$B,'Custo Resumido por local'!$C$1),0) -> 0 | H35: =IF(A35<='Indicadores Financeiros'!$F$14,SUMIFS('Relatório Custo'!$V:$V,'Relatório Custo'!$F:$F,"<="&'Custo Resumido por local'!$A35,'Relatório Custo'!$B:$B,'Custo Resumido por local'!$C$1),0) -> 0 | J35: =IF(A35<='Indicadores Financeiros'!$F$14,SUMIFS('Relatório Custo'!$W:$W,'Relatório Custo'!$F:$F,"<="&'Custo Resumido por local'!$A35,'Relatório Custo'!$B:$B,'Custo Resumido por local'!$C$1),0) -> 0
A36: 7 | C36: =IF(A36<='Indicadores Financeiros'!$F$14,SUMIFS('Relatório Custo'!$S:$S,'Relatório Custo'!$G:$G,'Custo Resumido por local'!$C$28,'Relatório Custo'!$F:$F,"<="&'Custo Resumido por local'!$A36,'Relatório Custo'!$B:$B,'Custo Resumido por local'!$C$1),0) -> 0 | H36: =IF(A36<='Indicadores Financeiros'!$F$14,SUMIFS('Relatório Custo'!$V:$V,'Relatório Custo'!$F:$F,"<="&'Custo Resumido por local'!$A36,'Relatório Custo'!$B:$B,'Custo Resumido por local'!$C$1),0) -> 0 | J36: =IF(A36<='Indicadores Financeiros'!$F$14,SUMIFS('Relatório Custo'!$W:$W,'Relatório Custo'!$F:$F,"<="&'Custo Resumido por local'!$A36,'Relatório Custo'!$B:$B,'Custo Resumido por local'!$C$1),0) -> 0
A37: 8 | C37: =IF(A37<='Indicadores Financeiros'!$F$14,SUMIFS('Relatório Custo'!$S:$S,'Relatório Custo'!$G:$G,'Custo Resumido por local'!$C$28,'Relatório Custo'!$F:$F,"<="&'Custo Resumido por local'!$A37,'Relatório Custo'!$B:$B,'Custo Resumido por local'!$C$1),0) -> 0 | H37: =IF(A37<='Indicadores Financeiros'!$F$14,SUMIFS('Relatório Custo'!$V:$V,'Relatório Custo'!$F:$F,"<="&'Custo Resumido por local'!$A37,'Relatório Custo'!$B:$B,'Custo Resumido por local'!$C$1),0) -> 0 | J37: =IF(A37<='Indicadores Financeiros'!$F$14,SUMIFS('Relatório Custo'!$W:$W,'Relatório Custo'!$F:$F,"<="&'Custo Resumido por local'!$A37,'Relatório Custo'!$B:$B,'Custo Resumido por local'!$C$1),0) -> 0
A38: 9 | C38: =IF(A38<='Indicadores Financeiros'!$F$14,SUMIFS('Relatório Custo'!$S:$S,'Relatório Custo'!$G:$G,'Custo Resumido por local'!$C$28,'Relatório Custo'!$F:$F,"<="&'Custo Resumido por local'!$A38,'Relatório Custo'!$B:$B,'Custo Resumido por local'!$C$1),0) -> 0 | H38: =IF(A38<='Indicadores Financeiros'!$F$14,SUMIFS('Relatório Custo'!$V:$V,'Relatório Custo'!$F:$F,"<="&'Custo Resumido por local'!$A38,'Relatório Custo'!$B:$B,'Custo Resumido por local'!$C$1),0) -> 0 | J38: =IF(A38<='Indicadores Financeiros'!$F$14,SUMIFS('Relatório Custo'!$W:$W,'Relatório Custo'!$F:$F,"<="&'Custo Resumido por local'!$A38,'Relatório Custo'!$B:$B,'Custo Resumido por local'!$C$1),0) -> 0
A39: 10 | C39: =IF(A39<='Indicadores Financeiros'!$F$14,SUMIFS('Relatório Custo'!$S:$S,'Relatório Custo'!$G:$G,'Custo Resumido por local'!$C$28,'Relatório Custo'!$F:$F,"<="&'Custo Resumido por local'!$A39,'Relatório Custo'!$B:$B,'Custo Resumido por local'!$C$1),0) -> 0 | H39: =IF(A39<='Indicadores Financeiros'!$F$14,SUMIFS('Relatório Custo'!$V:$V,'Relatório Custo'!$F:$F,"<="&'Custo Resumido por local'!$A39,'Relatório Custo'!$B:$B,'Custo Resumido por local'!$C$1),0) -> 0 | J39: =IF(A39<='Indicadores Financeiros'!$F$14,SUMIFS('Relatório Custo'!$W:$W,'Relatório Custo'!$F:$F,"<="&'Custo Resumido por local'!$A39,'Relatório Custo'!$B:$B,'Custo Resumido por local'!$C$1),0) -> 0
A40: 11 | C40: =IF(A40<='Indicadores Financeiros'!$F$14,SUMIFS('Relatório Custo'!$S:$S,'Relatório Custo'!$G:$G,'Custo Resumido por local'!$C$28,'Relatório Custo'!$F:$F,"<="&'Custo Resumido por local'!$A40,'Relatório Custo'!$B:$B,'Custo Resumido por local'!$C$1),0) -> 0 | H40: =IF(A40<='Indicadores Financeiros'!$F$14,SUMIFS('Relatório Custo'!$V:$V,'Relatório Custo'!$F:$F,"<="&'Custo Resumido por local'!$A40,'Relatório Custo'!$B:$B,'Custo Resumido por local'!$C$1),0) -> 0 | J40: =IF(A40<='Indicadores Financeiros'!$F$14,SUMIFS('Relatório Custo'!$W:$W,'Relatório Custo'!$F:$F,"<="&'Custo Resumido por local'!$A40,'Relatório Custo'!$B:$B,'Custo Resumido por local'!$C$1),0) -> 0
A41: 12 | C41: =IF(A41<='Indicadores Financeiros'!$F$14,SUMIFS('Relatório Custo'!$S:$S,'Relatório Custo'!$G:$G,'Custo Resumido por local'!$C$28,'Relatório Custo'!$F:$F,"<="&'Custo Resumido por local'!$A41,'Relatório Custo'!$B:$B,'Custo Resumido por local'!$C$1),0) -> 0 | H41: =IF(A41<='Indicadores Financeiros'!$F$14,SUMIFS('Relatório Custo'!$V:$V,'Relatório Custo'!$F:$F,"<="&'Custo Resumido por local'!$A41,'Relatório Custo'!$B:$B,'Custo Resumido por local'!$C$1),0) -> 0 | J41: =IF(A41<='Indicadores Financeiros'!$F$14,SUMIFS('Relatório Custo'!$W:$W,'Relatório Custo'!$F:$F,"<="&'Custo Resumido por local'!$A41,'Relatório Custo'!$B:$B,'Custo Resumido por local'!$C$1),0) -> 0
... A59: 30 | C59: =IF(A59<='Indicadores Financeiros'!$F$14,SUMIFS('Relatório Custo'!$S:$S,'Relatório Custo'!$G:$G,'Custo Resumido por local'!$C$28,'Relatório Custo'!$F:$F,"<="&'Custo Resumido por local'!$A59,'Relatório Custo'!$B:$B,'Custo Resumido por local'!$C$1),0) -> 0 | H59: =IF(A59<='Indicadores Financeiros'!$F$14,SUMIFS('Relatório Custo'!$V:$V,'Relatório Custo'!$F:$F,"<="&'Custo Resumido por local'!$A59,'Relatório Custo'!$B:$B,'Custo Resumido por local'!$C$1),0) -> 0 | J59: =IF(A59<='Indicadores Financeiros'!$F$14,SUMIFS('Relatório Custo'!$W:$W,'Relatório Custo'!$F:$F,"<="&'Custo Resumido por local'!$A59,'Relatório Custo'!$B:$B,'Custo Resumido por local'!$C$1),0) -> 0
A60: Total Geral | C60: =+ROUND(SUM(C30:G59),2) -> 0 | H60: =+SUM(H30:I59) -> 0 | J60: =+SUM(J30:K59) -> 0
G61: =C60-K16 -> 0

Sheet Custo por Função
A1: DADOS DA EMPRESA | O1: 690001
A2: CNPJ | C2: ='Indicadores Financeiros'!$F$2 | O2: 690002
A3: Razão Social | C3: ='Indicadores Financeiros'!$F$3 | O3: 690003
A4: Regime Tributário | C4: ='Indicadores Financeiros'!$F$7 -> Incidência cumulativa de PIS e de COFINS | O4: 690004
A5: Despesas Administrativas(%) | C5: ='Indicadores Financeiros'!$F$9 -> 0 | O5: 690005
A6: Lucro Bruto (%) | C6: ='Indicadores Financeiros'!$F$10 -> 0 | O6: 690006
A7: SAT (RATxFAP) (%) | C7: ='Indicadores Financeiros'!$F$8 -> 0 | O7: 690007
A8: Município | C8: São Paulo - Fórum Criminal - Complexo Judiciário Ministro Mário Guimarães | E8: ISSQN | F8: =VLOOKUP($C$8,'Indicadores Financeiros'!$B$114:$J$119,6,FALSE) -> 0.05 | O8: 690008
A9: =IF(OR($A$14=690004,$A$14=690025,$A$14=690030,$A$14=690031,$A$14=690033),"Nº de dias estimado p/ mês plantão","Nº de dias úteis estimado por mês") -> Nº de dias úteis estimado por mês | C9: ='Indicadores Financeiros'!$H$75 -> 20.75 | O9: 690009
A10: BDI | C10: =VLOOKUP($C$8,'Indicadores Financeiros'!$B$114:$J$119,7,FALSE) -> 0.0526 | O10: 690010
O11: 690011
A12: DADOS DA FUNÇÃO | O12: 690012
A13: Código | B13: Função | F13: Periodicidade | G13: Unidade | H13: Qtde | O13: 690013
A14: 551188 | B14: =IFERROR(VLOOKUP(A14,'Tabela de Códigos e Valores'!A:B,2,FALSE),"") -> Supervisor geral especializado em refrigeração, controle e administração | F14: =IFERROR(VLOOKUP($A$14,'Relatório Custo'!$C:$Z,5,FALSE),"") -> Mensal | G14: =IFERROR(VLOOKUP($A$14,'Relatório Custo'!$C:$Z,3,FALSE),"") -> Posto | H14: =SUMIFS('Relatório Custo'!$J$3:$J$399,'Relatório Custo'!$C$3:$C$399,$A$14,'Relatório Custo'!$B$3:$B$399,$C$8) -> 1 | J14: =SUMIFS('Relatório Custo'!R:R,'Relatório Custo'!B:B,'Custo por Função'!$C$8,'Relatório Custo'!C:C,'Custo por Função'!$A$14)-H102 -> 0 | O14: 690014
O15: 690015
A16: PLANILHA DE FORMAÇÃO DE PREÇOS | O16: 690016
A17: Módulo I - Mão de obra (remuneração) | H17: Valor "R$" | O17: 690017
A18: Salário base Mensal | H18: =VLOOKUP($A14,'Tabela de Códigos e Valores'!$A:$I,9,FALSE) -> 0 | O18: 690018
A19: Adicionais | H19: =VLOOKUP($A14,'Tabela de Códigos e Valores'!$A:$J,10,FALSE) -> 0 | O19: 690019
A20: Hora Extra | H20: =VLOOKUP(A14,'Tabela de Códigos e Valores'!A5:L15,11,FALSE) -> 0
A21: Total de Mão de Obra (remuneração) | H21: =IF(G14="posto",ROUND(SUM(H18:H19),2),ROUND(SUM(H18:H20),2)) -> 0 | O21: 690020
O22: 690021
A23: ENCARGOS PREVIDENCIÁRIOS E TRABALHISTAS | O23: 690022
A24: Módulo II - Encargos previdenciários e FGTS | O24: 690023
A25: 1 | B25: Previdência Social | F25: ='Indicadores Financeiros'!$J$17 -> 0.2 | O25: 690024
A26: 2 | B26: SESI/SESC | F26: ='Indicadores Financeiros'!$J$18 -> 0.015 | O26: 690025
A27: 3 | B27: SENAI/SENAC | F27: ='Indicadores Financeiros'!$J$19 -> 0.01 | O27: 690026
A28: 4 | B28: INCRA | F28: ='Indicadores Financeiros'!$J$20 -> 0.002 | O28: 690028
A29: 5 | B29: Salário Educação | F29: ='Indicadores Financeiros'!$J$21 -> 0.025 | O29: 690029
A30: 6 | B30: FGTS | F30: ='Indicadores Financeiros'!$J$22 -> 0.08 | O30: 690030
A31: 7 | B31: SAT (RAT X FAP) | F31: ='Indicadores Financeiros'!$J$23 -> Informar SAT | O31: 690031
A32: 8 | B32: SEBRAE | F32: ='Indicadores Financeiros'!$J$24 -> 0.006 | O32: 690032
A33: Total Módulo II | F33: =SUM(F25:G32) -> 0.338 | O33: 690033
O34: 690034
A35: Módulo III - 13º Salário e Adicional de Férias | O35: 690035
A36: 1 | B36: 13º salário | F36: ='Indicadores Financeiros'!$J$28 -> 0.0893 | O36: 690036
A37: 2 | B37: Abono de férias | F37: ='Indicadores Financeiros'!$J$29 -> 0.0298 | O37: 690037
A38: 3 | B38: Encargos sociais incidentes | F38: ='Indicadores Financeiros'!$J$30 -> 0.0403 | O38: 690038
A39: Total Módulo III | F39: =SUM(F36:G38) -> 0.1594 | O39: 690039
O40: 690040
A41: Módulo IV - Afastamento Maternidade | O41: 690041
A42: 1 | B42: Afastamento maternidade | F42: ='Indicadores Financeiros'!$J$34 -> 0.0022981034 | O42: 690042
A43: 2 | B43: Encargos sociais incidentes | F43: ='Indicadores Financeiros'!$J$35 -> 0.0002 | O43: 690043
A44: Total Módulo IV | F44: =F43 -> 0.0002 | O44: 690044
O45: 690045
A46: Módulo V - Provisão para Rescisão | O46: 690046
A47: 1 | B47: Aviso prévio indenizado | F47: ='Indicadores Financeiros'!$J$39 -> 0.0636 | O47: 690047
A48: 2 | B48: Incidência FGTS sobre o aviso prévio indenizado | F48: ='Indicadores Financeiros'!$J$40 -> 0.0051 | O48: 690048
A49: 3 | B49: Multa FGTS sobre o aviso prévio indenizado | F49: ='Indicadores Financeiros'!$J$41 -> 0.002
A50: 4 | B50: Aviso prévio trabalhado | F50: ='Indicadores Financeiros'!$J$42 -> 0.0002
A51: 5 | B51: Encargos sociais incidentes sobre aviso prévio trabalhado | F51: ='Indicadores Financeiros'!$J$43 -> 0.0001
A52: 6 | B52: Multa FGTS sobre o aviso prévio trabalhado | F52: ='Indicadores Financeiros'!$J$44 -> 0
A53: 7 | B53: Indenização Adicional | F53: ='Indicadores Financeiros'!$J$45 -> 0.0008
A54: 8 | B54: Multa FGTS sobre depósitos de FGTS | F54: ='Indicadores Financeiros'!J46 -> 0.01732
A55: Total Módulo V | F55: =SUM(F47:G54) -> 0.08912
A57: Módulo VI - Multa de FGTS e Contribuição Social
A58: 1 | B58: Remuneração | F58: ='Indicadores Financeiros'!$J$50 -> 0.0288
A59: 2 | B59: Férias + Adicional de Férias | F59: ='Indicadores Financeiros'!$J$51 -> 0.0034
A60: 3 | B60: 13º Salário | F60: ='Indicadores Financeiros'!$J$52 -> 0.0026
A61: Total Módulo VI | F61: =SUM(F58:G60) -> 0.0348
A63: Módulo VII - Custo de Reposição do Profissional Ausente
A64: 1 | B64: Férias | F64: ='Indicadores Financeiros'!$J$56 -> 0.0893
A65: 2 | B65: Auxílio doença | F65: ='Indicadores Financeiros'!$J$57 -> 0.0153
A66: 3 | B66: Licença paternidade | F66: ='Indicadores Financeiros'!$J$58 -> 0.0005
A67: 4 | B67: Faltas legais | F67: ='Indicadores Financeiros'!$J$59 -> 0.0091
A68: 5 | B68: Acidente de trabalho | F68: ='Indicadores Financeiros'!$J$60 -> 0.0007
A69: 6 | B69: Encargos sociais incidentes | F69: ='Indicadores Financeiros'!$J$61 -> 0.0388
A70: Total Módulo VII | F70: =SUM(F64:G69) -> 0.1537
A72: Total dos Encargos Sociais e Trabalhistas | F72: =F70+F61+F55+F44+F39+F33 -> 0.77522 | H72: =ROUND(H21*F72,2) -> 0
A74: Módulo VIII - Insumos e Obrigações Decorrentes de Convenção Coletiva | H74: Valor "R$"
E75: Dias úteis | F75: Valor diário | G75: Dedução
A76: 1 | B76: Vale Refeição | E76: =$C$9 -> 20.75 | F76: ='Indicadores Financeiros'!$H$101 -> 0 | G76: ='Indicadores Financeiros'!I101 -> 0 | H76: =IF(OR(A14=550884,A14=550885,A14=550891,A14=550895,A14=550896,A14=550899,A14=550900,A14=550903,A14=550904),ROUND((F76-G76)/6,2),IF(OR(A14=550882,A14=550883,A14=550893,A14=550894,A14=550897,A14=550898,A14=550901,A14=550902),0,ROUND(ROUND(F76-G76,2)*E76,2))) -> 0
A77: 2 | B77: Vale Transporte | F77: =VLOOKUP($C$8,'Indicadores Financeiros'!$B$114:$J$119,8,FALSE) -> 0 | G77: =$H$18*6% -> 0 | H77: =IF(OR(A14=550884,A14=550885,A14=550891,A14=550895,A14=550896,A14=550899,A14=550900,A14=550903,A14=550904),ROUND(F77/8,2),IF(OR(A14=550882,A14=550883,A14=550893,A14=550894,A14=550897,A14=550898,A14=550901,A14=550902),0,ROUND(IF(ROUND($F$77*$E$76,2)-$G$77<0,0,ROUND($F$77*$E$76,2)-$G$77),2))) -> 0
A78: 3 | B78: Assistência Médica | H78: =IF(G14<>"posto",0,VLOOKUP($A$14,'Tabela de Códigos e Valores'!$A$5:$AE$15,14,FALSE)) -> 0
A79: 4 | B79: Assistência Odontológica | H79: =IF(G14<>"posto",0,VLOOKUP($A$14,'Tabela de Códigos e Valores'!$A$5:$AE$15,15,FALSE)) -> 0
A80: 5 | B80: Auxílio Creche | H80: =IF(G14<>"posto",0,VLOOKUP($A$14,'Tabela de Códigos e Valores'!$A$5:$AE$15,16,FALSE)) -> 0
A81: 6 | B81: Benefício Social Sindical | H81: =IF(G14<>"posto",0,VLOOKUP($A$14,'Tabela de Códigos e Valores'!$A$5:$AE$15,17,FALSE)) -> 0
A82: 7 | B82: Cesta básica | H82: =IF(G14<>"posto",0,VLOOKUP($A$14,'Tabela de Códigos e Valores'!$A$5:$AE$15,18,FALSE)) -> 0
A83: 8 | B83: Dia do Trabalhador | H83: =IF(G14<>"posto",0,VLOOKUP($A$14,'Tabela de Códigos e Valores'!$A$5:$AE$15,19,FALSE)) -> 0
A84: 9 | B84: Norma Regulamentadora nº 7 | H84: =IF(G14<>"posto",0,VLOOKUP($A$14,'Tabela de Códigos e Valores'!$A$5:$AE$15,20,FALSE)) -> 0
A85: 10 | B85: Seguro de Vida | H85: =IF(G14<>"posto",0,VLOOKUP($A$14,'Tabela de Códigos e Valores'!$A$5:$AE$15,21,FALSE)) -> 0
A86: 11 | B86: Auxílio filho com necessidades especiais | H86: =IF(G14<>"posto",0,VLOOKUP($A$14,'Tabela de Códigos e Valores'!$A$5:$AE$15,22,FALSE)) -> 0
A87: 12 | B87: Uniformes, EPIs e Ferramentas | H87: =IF(G14<>"posto",0,VLOOKUP($A$14,'Tabela de Códigos e Valores'!$A$5:$AE$15,27,FALSE)) -> 0
A88: 13 | B88: Outros | H88: =IF(G14<>"posto",0,VLOOKUP($A$14,'Tabela de Códigos e Valores'!$A$5:$AE$15,24,FALSE)) -> 0
A89: Total Módulo VIII | H89: =ROUND(SUM(H75:H88),2) -> 0
A92: Custo Total | H92: =H89+H72+H21 -> 0
A94: Módulo X - Benefícios e Despesas Indiretas (BDI) | F94: Percentual | H94: Valor R$
A95: 1 | B95: Despesas Administrativas/indiretas | F95: =$C$5 -> 0
A96: 2 | B96: Lucro Bruto | F96: =$C$6 -> 0
A97: 3 | B97: PIS | F97: ='Indicadores Financeiros'!$F$12 -> 0
A98: 4 | B98: COFINS | F98: ='Indicadores Financeiros'!$F$11 -> 0
A99: 5 | B99: ISSQN | F99: =$F$8 -> 0.05
A100: Total Módulo X | F100: =ROUND((1+F95)*(1+F96)/(1-F99-F98-F97)-1,4) -> 0.0526 | H100: =ROUND($F$100*$H$92,2) -> 0
A102: =CONCATENATE("Preço total mensal") -> Preço total mensal | H102: =IF(H14=0,0,ROUND(H100+H92,2)) -> 0
A104: PREÇO TOTAL MENSAL (Preço total mensal X Quantidade de postos) | H104: =H102*H14 -> 0 | I104: =SUMIFS('Relatório Custo'!S:S,'Relatório Custo'!C:C,'Custo por Função'!A14,'Relatório Custo'!B:B,'Custo por Função'!C8) -> 0
A106: Valor posto/dia | H106: =ROUND(H102/E76,2) -> 0
A108: Valor de desconto por dia não trabalhado | F108: =IF(OR($G$14="Hora",$G$14="M2"),0,ROUND($H$102/$C$9,2)) -> 0
A109: TOTAL DE DESCONTO POR DIA NO PERÍODO DO RECESSO FORENSE
A110: Item | B110: Descrição | H110: Valor Dia R$
A111: 1 | B111: Vale alimentação | H111: =F76-G76 -> 0
...

Sheet Tabela de Códigos e Valores
A1: Localidade | B1: São Paulo - Fórum Criminal - Complexo Judiciário Ministro Mário Guimarães
A2: 1 | B2: 2 | C2: 3 | D2: 4 | E2: 5 | F2: 6 | G2: 7 | H2: 8 | I2: 9 | J2: 10 | K2: 11 | L2: 12 | M2: 13 | N2: 14 | O2: 15 | P2: 16 | Q2: 17 | R2: 18 | S2: 19 | T2: 20 | U2: 21 | V2: 22 | W2: 23 | X2: 24 | Y2: 25 | Z2: 26 | AA2: 27 | AB2: 28 | AC2: 29 | AD2: 30 | AE2: 31
A3: Código | B3: Descrição | C3: Grupo | D3: Descrição | E3: Unidade | F3: Periodicidade | G3: Quantidade de Funcionários por Posto | H3: Dias Estimados por Mês | I3: Salário Base | J3: Adicionais Insalubridade e Periculosidade | K3: Adicional de Hora Extra | L3: Remuneração Total | M3: Encargos Sociais | N3: Benefícios | Z3: Vale Transporte | AA3: Uniformes EPIs Ferramentas | AB3: Valor Total s/BDI | AC3: BDI | AE3: Valor Total c/ BDI
J4: Periculosidade | N4: Assistência médica | O4: Assistência Odontológica | P4: Auxílio Creche | Q4: Benefício Familiar | R4: Cesta básica | S4: Dia do Trabalhador | T4: Norma Regulamentadora Nº 07 | U4: Seguro de vida | V4: Auxílio filho com necessidades especiais | W4: Vale refeição /ticket refeição | X4: ='Indicadores Financeiros'!B102 -> Outros (especificar e inserir valor mensal) | Y4: Total Benefícios | AC4: Percentual | AD4: Valor
A5: 551188 | B5: ='Indicadores Financeiros'!B84 -> Supervisor geral especializado em refrigeração, controle e administração | C5: 1 | D5: =VLOOKUP(C5,'Indicadores Financeiros'!$A$84:$G$88,2,FALSE) -> Supervisor geral especializado em refrigeração, controle e administração | E5: Posto | F5: Mensal | G5: 1 | H5: ='Indicadores Financeiros'!$H$75 -> 20.75 | I5: =VLOOKUP($C5,'Indicadores Financeiros'!$A$84:$I$88,8,FALSE) -> 0 | J5: =VLOOKUP($C5,'Indicadores Financeiros'!$A$84:$I$88,9,FALSE) -> 0 | K5: 0 | L5: =ROUND(SUM(I5:J5),2) -> 0 | M5: =ROUND('Indicadores Financeiros'!$J$64*L5,2) -> 0 | N5: ='Indicadores Financeiros'!$J$92 -> 0 | O5: ='Indicadores Financeiros'!$J$93 -> 0 | P5: ='Indicadores Financeiros'!$J$94 -> 0 | Q5: ='Indicadores Financeiros'!$J$95 -> 0 | R5: ='Indicadores Financeiros'!$J$96 -> 0 | S5: ='Indicadores Financeiros'!$J$97 -> 0 | T5: ='Indicadores Financeiros'!$J$98 -> 0 | U5: ='Indicadores Financeiros'!$J$99 -> 0 | V5: ='Indicadores Financeiros'!$J$100 -> 0 | W5: =ROUND('Indicadores Financeiros'!$J$101*H5,2) -> 0 | X5: ='Indicadores Financeiros'!$J$102 -> 0 | Y5: =ROUND(SUM(N5:X5),2) -> 0 | Z5: =IF(ROUND((VLOOKUP($B$1,'Indicadores Financeiros'!$B$114:$J$119,8,FALSE)*H5)-($I5*6%),2)<0,0,ROUND((VLOOKUP($B$1,'Indicadores Financeiros'!$B$114:$J$119,8,FALSE)*H5)-($I5*6%),2)) -> 0 | AA5: =VLOOKUP('Tabela de Códigos e Valores'!C5,'Indicadores Financeiros'!$A$106:$J$110,8,FALSE) -> 0 | AB5: =ROUND(L5+M5+Y5+Z5+AA5,2) -> 0 | AC5: =IFERROR(VLOOKUP($B$1,'Indicadores Financeiros'!$B$114:$J$119,7,FALSE),0) -> 0.0526 | AD5: =ROUND(AB5*AC5,2) -> 0 | AE5: =ROUND(AB5+AD5,2) -> 0
A6: 551189 | B6: ='Indicadores Financeiros'!B85 -> Técnico mecânico especializado em Refrigeração | C6: 2 | D6: =VLOOKUP(C6,'Indicadores Financeiros'!$A$84:$G$88,2,FALSE) -> Técnico mecânico especializado em Refrigeração | E6: Posto | F6: Mensal | G6: 1 | H6: ='Indicadores Financeiros'!$H$75 -> 20.75 | I6: =VLOOKUP($C6,'Indicadores Financeiros'!$A$84:$I$88,8,FALSE) -> 0 | J6: =VLOOKUP($C6,'Indicadores Financeiros'!$A$84:$I$88,9,FALSE) -> 0 | K6: 0 | L6: =ROUND(SUM(I6:J6),2) -> 0 | M6: =ROUND('Indicadores Financeiros'!$J$64*L6,2) -> 0 | N6: ='Indicadores Financeiros'!$J$92 -> 0 | O6: ='Indicadores Financeiros'!$J$93 -> 0 | P6: ='Indicadores Financeiros'!$J$94 -> 0 | Q6: ='Indicadores Financeiros'!$J$95 -> 0 | R6: ='Indicadores Financeiros'!$J$96 -> 0 | S6: ='Indicadores Financeiros'!$J$97 -> 0 | T6: ='Indicadores Financeiros'!$J$98 -> 0 | U6: ='Indicadores Financeiros'!$J$99 -> 0 | V6: ='Indicadores Financeiros'!$J$100 -> 0 | W6: =ROUND('Indicadores Financeiros'!$J$101*H6,2) -> 0 | X6: ='Indicadores Financeiros'!$J$102 -> 0 | Y6: =ROUND(SUM(N6:X6),2) -> 0 | Z6: =IF(ROUND((VLOOKUP($B$1,'Indicadores Financeiros'!$B$114:$J$119,8,FALSE)*H6)-($I6*6%),2)<0,0,ROUND((VLOOKUP($B$1,'Indicadores Financeiros'!$B$114:$J$119,8,FALSE)*H6)-($I6*6%),2)) -> 0 | AA6: =VLOOKUP('Tabela de Códigos e Valores'!C6,'Indicadores Financeiros'!$A$106:$J$110,8,FALSE) -> 0 | AB6: =ROUND(L6+M6+Y6+Z6+AA6,2) -> 0 | AC6: =IFERROR(VLOOKUP($B$1,'Indicadores Financeiros'!$B$114:$J$119,7,FALSE),0) -> 0.0526 | AD6: =ROUND(AB6*AC6,2) -> 0 | AE6: =ROUND(AB6+AD6,2) -> 0
A7: 551190 | B7: ='Indicadores Financeiros'!B87 -> Operador | C7: 4 | D7: =VLOOKUP(C7,'Indicadores Financeiros'!$A$84:$G$88,2,FALSE) -> Operador | E7: Posto | F7: Mensal | G7: 1 | H7: ='Indicadores Financeiros'!$H$75 -> 20.75 | I7: =VLOOKUP($C7,'Indicadores Financeiros'!$A$84:$I$88,8,FALSE) -> 0 | J7: =VLOOKUP($C7,'Indicadores Financeiros'!$A$84:$I$88,9,FALSE) -> 0 | K7: 0 | L7: =ROUND(SUM(I7:J7),2) -> 0 | M7: =ROUND('Indicadores Financeiros'!$J$64*L7,2) -> 0 | N7: ='Indicadores Financeiros'!$J$92 -> 0 | O7: ='Indicadores Financeiros'!$J$93 -> 0 | P7: ='Indicadores Financeiros'!$J$94 -> 0 | Q7: ='Indicadores Financeiros'!$J$95 -> 0 | R7: ='Indicadores Financeiros'!$J$96 -> 0 | S7: ='Indicadores Financeiros'!$J$97 -> 0 | T7: ='Indicadores Financeiros'!$J$98 -> 0 | U7: ='Indicadores Financeiros'!$J$99 -> 0 | V7: ='Indicadores Financeiros'!$J$100 -> 0 | W7: =ROUND('Indicadores Financeiros'!$J$101*H7,2) -> 0 | X7: ='Indicadores Financeiros'!$J$102 -> 0 | Y7: =ROUND(SUM(N7:X7),2) -> 0 | Z7: =IF(ROUND((VLOOKUP($B$1,'Indicadores Financeiros'!$B$114:$J$119,8,FALSE)*H7)-($I7*6%),2)<0,0,ROUND((VLOOKUP($B$1,'Indicadores Financeiros'!$B$114:$J$119,8,FALSE)*H7)-($I7*6%),2)) -> 0 | AA7: =VLOOKUP('Tabela de Códigos e Valores'!C7,'Indicadores Financeiros'!$A$106:$J$110,8,FALSE) -> 0 | AB7: =ROUND(L7+M7+Y7+Z7+AA7,2) -> 0 | AC7: =IFERROR(VLOOKUP($B$1,'Indicadores Financeiros'!$B$114:$J$119,7,FALSE),0) -> 0.0526 | AD7: =ROUND(AB7*AC7,2) -> 0 | AE7: =ROUND(AB7+AD7,2) -> 0
A8: 551191 | B8: ='Indicadores Financeiros'!B88 -> Auxiliar Técnico especializado em Refrigeração | C8: 5 | D8: =VLOOKUP(C8,'Indicadores Financeiros'!$A$84:$G$88,2,FALSE) -> Auxiliar Técnico especializado em Refrigeração | E8: Posto | F8: Mensal | G8: 1 | H8: ='Indicadores Financeiros'!$H$75 -> 20.75 | I8: =VLOOKUP($C8,'Indicadores Financeiros'!$A$84:$I$88,8,FALSE) -> 0 | J8: =VLOOKUP($C8,'Indicadores Financeiros'!$A$84:$I$88,9,FALSE) -> 0 | K8: 0 | L8: =ROUND(SUM(I8:J8),2) -> 0 | M8: =ROUND('Indicadores Financeiros'!$J$64*L8,2) -> 0 | N8: ='Indicadores Financeiros'!$J$92 -> 0 | O8: ='Indicadores Financeiros'!$J$93 -> 0 | P8: ='Indicadores Financeiros'!$J$94 -> 0 | Q8: ='Indicadores Financeiros'!$J$95 -> 0 | R8: ='Indicadores Financeiros'!$J$96 -> 0 | S8: ='Indicadores Financeiros'!$J$97 -> 0 | T8: ='Indicadores Financeiros'!$J$98 -> 0 | U8: ='Indicadores Financeiros'!$J$99 -> 0 | V8: ='Indicadores Financeiros'!$J$100 -> 0 | W8: =ROUND('Indicadores Financeiros'!$J$101*H8,2) -> 0 | X8: ='Indicadores Financeiros'!$J$102 -> 0 | Y8: =ROUND(SUM(N8:X8),2) -> 0 | Z8: =IF(ROUND((VLOOKUP($B$1,'Indicadores Financeiros'!$B$114:$J$119,8,FALSE)*H8)-($I8*6%),2)<0,0,ROUND((VLOOKUP($B$1,'Indicadores Financeiros'!$B$114:$J$119,8,FALSE)*H8)-($I8*6%),2)) -> 0 | AA8: =VLOOKUP('Tabela de Códigos e Valores'!C8,'Indicadores Financeiros'!$A$106:$J$110,8,FALSE) -> 0 | AB8: =ROUND(L8+M8+Y8+Z8+AA8,2) -> 0 | AC8: =IFERROR(VLOOKUP($B$1,'Indicadores Financeiros'!$B$114:$J$119,7,FALSE),0) -> 0.0526 | AD8: =ROUND(AB8*AC8,2) -> 0 | AE8: =ROUND(AB8+AD8,2) -> 0
A9: 551192 | B9: ='Indicadores Financeiros'!B86 -> Técnico Elétrico/ Eletrônico/ Eletrotécnico, especializado em refrigeração | C9: 3 | D9: =VLOOKUP(C9,'Indicadores Financeiros'!$A$84:$G$88,2,FALSE) -> Técnico Elétrico/ Eletrônico/ Eletrotécnico, especializado em refrigeração | E9: Posto | F9: Mensal | G9: 1 | H9: ='Indicadores Financeiros'!$H$75 -> 20.75 | I9: =VLOOKUP($C9,'Indicadores Financeiros'!$A$84:$I$88,8,FALSE) -> 0 | J9: =VLOOKUP($C9,'Indicadores Financeiros'!$A$84:$I$88,9,FALSE) -> 0 | K9: 0 | L9: =ROUND(SUM(I9:J9),2) -> 0 | M9: =ROUND('Indicadores Financeiros'!$J$64*L9,2) -> 0 | N9: ='Indicadores Financeiros'!$J$92 -> 0 | O9: ='Indicadores Financeiros'!$J$93 -> 0 | P9: ='Indicadores Financeiros'!$J$94 -> 0 | Q9: ='Indicadores Financeiros'!$J$95 -> 0 | R9: ='Indicadores Financeiros'!$J$96 -> 0 | S9: ='Indicadores Financeiros'!$J$97 -> 0 | T9: ='Indicadores Financeiros'!$J$98 -> 0 | U9: ='Indicadores Financeiros'!$J$99 -> 0 | V9: ='Indicadores Financeiros'!$J$100 -> 0 | W9: =ROUND('Indicadores Financeiros'!$J$101*H9,2) -> 0 | X9: ='Indicadores Financeiros'!$J$102 -> 0 | Y9: =ROUND(SUM(N9:X9),2) -> 0 | Z9: =IF(ROUND((VLOOKUP($B$1,'Indicadores Financeiros'!$B$114:$J$119,8,FALSE)*H9)-($I9*6%),2)<0,0,ROUND((VLOOKUP($B$1,'Indicadores Financeiros'!$B$114:$J$119,8,FALSE)*H9)-($I9*6%),2)) -> 0 | AA9: =VLOOKUP('Tabela de Códigos e Valores'!C9,'Indicadores Financeiros'!$A$106:$J$110,8,FALSE) -> 0 | AB9: =ROUND(L9+M9+Y9+Z9+AA9,2) -> 0 | AC9: =IFERROR(VLOOKUP($B$1,'Indicadores Financeiros'!$B$114:$J$119,7,FALSE),0) -> 0.0526 | AD9: =ROUND(AB9*AC9,2) -> 0 | AE9: =ROUND(AB9+AD9,2) -> 0
A10: 551195 | B10: Técnico em Refrigeração Mecânico - Hora Extra Noturna | C10: 2 | D10: =B10 -> Técnico em Refrigeração Mecânico - Hora Extra Noturna | E10: Hora Extra | F10: Mensal | G10: 1 | H10: ='Indicadores Financeiros'!$H$75 -> 20.75 | I10: =ROUND(VLOOKUP(C10,'Indicadores Financeiros'!$A$84:$J$88,8,FALSE)/220,2) -> 0 | J10: =ROUND($J$6/220,2) -> 0 | K10: =ROUND(SUM(I10:J10)*(1+'Indicadores Financeiros'!$H$77)*(1+'Indicadores Financeiros'!$H$78)-SUM(I10:J10),2) -> 0 | L10: =ROUND(SUM(I10:K10),2) -> 0 | M10: =ROUND('Indicadores Financeiros'!$J$64*L10,2) -> 0 | Y10: =ROUND(SUM(N10:X10),2) -> 0 | AB10: =ROUND(L10+M10+Y10+Z10+AA10,2) -> 0 | AC10: =IFERROR(VLOOKUP($B$1,'Indicadores Financeiros'!$B$114:$J$119,7,FALSE),0) -> 0.0526 | AD10: =ROUND(AB10*AC10,2) -> 0 | AE10: =ROUND(AB10+AD10,2) -> 0
A11: 551196 | B11: Técnico em Refrigeração Mecânico - Hora Extra Sábado | C11: 2 | D11: =B11 -> Técnico em Refrigeração Mecânico - Hora Extra Sábado | E11: Hora Extra | F11: Mensal | G11: 1 | H11: ='Indicadores Financeiros'!$H$75 -> 20.75 | I11: =ROUND(VLOOKUP(C11,'Indicadores Financeiros'!$A$84:$J$88,8,FALSE)/220,2) -> 0 | J11: =ROUND($J$6/220,2) -> 0 | K11: =ROUND('Indicadores Financeiros'!$H$79*SUM('Tabela de Códigos e Valores'!I11:J11),2) -> 0 | L11: =ROUND(SUM(I11:K11),2) -> 0 | M11: =ROUND('Indicadores Financeiros'!$J$64*L11,2) -> 0 | W11: =ROUND('Indicadores Financeiros'!$J$101/6,2) -> 0 | Y11: =ROUND(SUM(N11:X11),2) -> 0 | Z11: =VLOOKUP($B$1,'Indicadores Financeiros'!$B$114:$J$119,8,FALSE)/8 -> 0 | AB11: =ROUND(L11+M11+Y11+Z11+AA11,2) -> 0 | AC11: =IFERROR(VLOOKUP($B$1,'Indicadores Financeiros'!$B$114:$J$119,7,FALSE),0) -> 0.0526 | AD11: =ROUND(AB11*AC11,2) -> 0 | AE11: =ROUND(AB11+AD11,2) -> 0
A12: 551197 | B12: Técnico em Refrigeração Mecânico - Hora Extra Domingo e Feriado | C12: 2 | D12: =B12 -> Técnico em Refrigeração Mecânico - Hora Extra Domingo e Feriado | E12: Hora Extra | F12: Mensal | G12: 1 | H12: ='Indicadores Financeiros'!$H$75 -> 20.75 | I12: =ROUND(VLOOKUP(C12,'Indicadores Financeiros'!$A$84:$J$88,8,FALSE)/220,2) -> 0 | J12: =ROUND($J$6/220,2) -> 0 | K12: =ROUND('Indicadores Financeiros'!$H$80*SUM('Tabela de Códigos e Valores'!I12:J12),2) -> 0 | L12: =ROUND(SUM(I12:K12),2) -> 0 | M12: =ROUND('Indicadores Financeiros'!$J$64*L12,2) -> 0 | W12: =ROUND('Indicadores Financeiros'!$J$101/6,2) -> 0 | Y12: =ROUND(SUM(N12:X12),2) -> 0 | Z12: =VLOOKUP($B$1,'Indicadores Financeiros'!$B$114:$J$119,8,FALSE)/8 -> 0 | AB12: =ROUND(L12+M12+Y12+Z12+AA12,2) -> 0 | AC12: =IFERROR(VLOOKUP($B$1,'Indicadores Financeiros'!$B$114:$J$119,7,FALSE),0) -> 0.0526 | AD12: =ROUND(AB12*AC12,2) -> 0 | AE12: =ROUND(AB12+AD12,2) -> 0
A13: 551198 | B13: Auxiliar Técnico em Refrigeração - Hora Extra Noturna | C13: 5 | D13: =B13 -> Auxiliar Técnico em Refrigeração - Hora Extra Noturna | E13: Hora Extra | F13: Mensal | G13: 1 | H13: ='Indicadores Financeiros'!$H$75 -> 20.75 | I13: =ROUND(VLOOKUP(C13,'Indicadores Financeiros'!$A$84:$J$88,8,FALSE)/220,2) -> 0 | J13: =ROUND($J$8/220,2) -> 0 | K13: =ROUND((SUM('Tabela de Códigos e Valores'!I13:J13)*(1+'Indicadores Financeiros'!$H$77)*(1+'Indicadores Financeiros'!$H$78)-SUM('Tabela de Códigos e Valores'!I13:J13)),2) -> 0 | L13: =ROUND(SUM(I13:K13),2) -> 0 | M13: =ROUND('Indicadores Financeiros'!$J$64*L13,2) -> 0 | Y13: =ROUND(SUM(N13:X13),2) -> 0 | AB13: =ROUND(L13+M13+Y13+Z13+AA13,2) -> 0 | AC13: =IFERROR(VLOOKUP($B$1,'Indicadores Financeiros'!$B$114:$J$119,7,FALSE),0) -> 0.0526 | AD13: =ROUND(AB13*AC13,2) -> 0 | AE13: =ROUND(AB13+AD13,2) -> 0
A14: 551199 | B14: Auxiliar Técnico em Refrigeração - Hora Extra Sábado | C14: 5 | D14: =B14 -> Auxiliar Técnico em Refrigeração - Hora Extra Sábado | E14: Hora Extra | F14: Mensal | G14: 1 | H14: ='Indicadores Financeiros'!$H$75 -> 20.75 | I14: =ROUND(VLOOKUP(C14,'Indicadores Financeiros'!$A$84:$J$88,8,FALSE)/220,2) -> 0 | J14: =ROUND($J$8/220,2) -> 0 | K14: =ROUND('Indicadores Financeiros'!$H$79*SUM('Tabela de Códigos e Valores'!I14:J14),2) -> 0 | L14: =ROUND(SUM(I14:K14),2) -> 0 | M14: =ROUND('Indicadores Financeiros'!$J$64*L14,2) -> 0 | W14: =ROUND('Indicadores Financeiros'!$J$101/6,2) -> 0 | Y14: =ROUND(SUM(N14:X14),2) -> 0 | Z14: =VLOOKUP($B$1,'Indicadores Financeiros'!$B$114:$J$119,8,FALSE)/8 -> 0 | AB14: =ROUND(L14+M14+Y14+Z14+AA14,2) -> 0 | AC14: =IFERROR(VLOOKUP($B$1,'Indicadores Financeiros'!$B$114:$J$119,7,FALSE),0) -> 0.0526 | AD14: =ROUND(AB14*AC14,2) -> 0 | AE14: =ROUND(AB14+AD14,2) -> 0
A15: 551200 | B15: Auxiliar Técnico em Refrigeração - Hora Extra Domingos e Feriados | C15: 5 | D15: =B15 -> Auxiliar Técnico em Refrigeração - Hora Extra Domingos e Feriados | E15: Hora Extra | F15: Mensal | G15: 1 | H15: ='Indicadores Financeiros'!$H$75 -> 20.75 | I15: =ROUND(VLOOKUP(C15,'Indicadores Financeiros'!$A$84:$J$88,8,FALSE)/220,2) -> 0 | J15: =ROUND($J$8/220,2) -> 0 | K15: =ROUND(SUM(I15:J15)*'Indicadores Financeiros'!$H$80,2) -> 0 | L15: =ROUND(SUM(I15:K15),2) -> 0 | M15: =ROUND('Indicadores Financeiros'!$J$64*L15,2) -> 0 | W15: =ROUND('Indicadores Financeiros'!$J$101/6,2) -> 0 | Y15: =ROUND(SUM(N15:X15),2) -> 0 | Z15: =VLOOKUP($B$1,'Indicadores Financeiros'!$B$114:$J$119,8,FALSE)/8 -> 0 | AB15: =ROUND(L15+M15+Y15+Z15+AA15,2) -> 0 | AC15: =IFERROR(VLOOKUP($B$1,'Indicadores Financeiros'!$B$114:$J$119,7,FALSE),0) -> 0.0526 | AD15: =ROUND(AB15*AC15,2) -> 0 | AE15: =ROUND(AB15+AD15,2) -> 0
